Workbook
Name AMAZONAS: 'ListasDpto-Mpio'!$C$2:$C$13
Name ANTIOQUIA: 'ListasDpto-Mpio'!$D$2:$D$127
Name ARAUCA: 'ListasDpto-Mpio'!$E$2:$E$9
Name ATLÁNTICO: 'ListasDpto-Mpio'!$F$2:$F$25
Name BOGOTÁ_D.C.: 'ListasDpto-Mpio'!$G$2:$G$23
Name BOLÍVAR: 'ListasDpto-Mpio'!$H$2:$H$48
Name BOYACÁ: 'ListasDpto-Mpio'!$I$2:$I$125
Name CALDAS: 'ListasDpto-Mpio'!$J$2:$J$29
Name CAQUETÁ: 'ListasDpto-Mpio'!$K$2:$K$18
Name CASANARE: 'ListasDpto-Mpio'!$L$2:$L$21
Name CAUCA: 'ListasDpto-Mpio'!$M$2:$M$44
Name CESAR: 'ListasDpto-Mpio'!$N$2:$N$27
Name CHOCÓ: 'ListasDpto-Mpio'!$O$2:$O$33
Name CÓRDOBA: 'ListasDpto-Mpio'!$P$2:$P$32
Name CUNDINAMARCA: 'ListasDpto-Mpio'!$Q$2:$Q$118
Name DEPARTAMENTO: 'ListasDpto-Mpio'!$A$3:$A$36
Name GUAINÍA: 'ListasDpto-Mpio'!$R$2:$R$11
Name GUAVIARE: 'ListasDpto-Mpio'!$S$2:$S$6
Name HUILA: 'ListasDpto-Mpio'!$T$2:$T$39
Name LA_GUAJIRA: 'ListasDpto-Mpio'!$U$2:$U$17
Name MAGDALENA: 'ListasDpto-Mpio'!$V$2:$V$32
Name META: 'ListasDpto-Mpio'!$W$2:$W$31
Name NACIONAL: 'ListasDpto-Mpio'!$B$2
Name NARIÑO: 'ListasDpto-Mpio'!$X$2:$X$66
Name NORTE_DE_SANTANDER: 'ListasDpto-Mpio'!$Y$2:$Y$42
Name PUTUMAYO: 'ListasDpto-Mpio'!$Z$2:$Z$15
Name QUINDÍO: 'ListasDpto-Mpio'!$AA$2:$AA$14
Name RISARALDA: 'ListasDpto-Mpio'!$AB$2:$AB$16
Name SAN_ANDRÉS_Y_PROVIDENCIA: 'ListasDpto-Mpio'!$AC$2:$AC$4
Name SANTANDER: 'ListasDpto-Mpio'!$AD$2:$AD$89
Name SUCRE: 'ListasDpto-Mpio'!$AE$2:$AE$28
Name TOLIMA: 'ListasDpto-Mpio'!$AF$2:$AF$49
Name VALLE_DEL_CAUCA: 'ListasDpto-Mpio'!$AG$2:$AG$44
Name VAUPÉS: 'ListasDpto-Mpio'!$AH$2:$AH$8
Name VICHADA: 'ListasDpto-Mpio'!$AI$2:$AI$6

Sheet DATOS
B1: INSTRUMENTO CALIFICACIÓN DE OFERENTES SERVICIOS DE PRIMERA INFANCIA - DATOS MANIFESTACIÓN DE INTERÉS
B3: REGIONAL ICBF: | D3: MANIFESTACIÓN DE INTERÉS No. | E3: OBJETO | H3: VALOR INVITACIÓN | I3: VR SMMLV | J3: FECHA INICIO (dd/mm/aaaa) | K3: FECHA FINAL (dd/mm/aaaa) | L3: TIEMPO EJECUCIÓN (MESES)
B4: SUCRE | D4: 49 | E4: Prestar los servicios para la atención a la primera infancia en los Hogares Comunitarios de Bienestar HCB y, de conformidad con el Manual Operativo de la Modalidad comunitaria y el servicio HCB Familia Mujer e Infancia – FAMI, de conformidad con el Manual Operativo de la Modalidad Familiar, el Lineamiento Técnico para la Atención a la Primera Infancia y las directrices establecidas por el ICBF, en armonía con la Política de Estado para el Desarrollo Integral de la Primera Infancia de Cero a Siempre. | H4: 2553279682 | I4: =H4/877802 -> 2908.7194 | J4: 44166 | K4: 44773 | L4: =+(K4-J4)/30 -> 20.233333
B6: MUNICIPIO 1 | D6: MUNICIPIO 2 | E6: MUNICIPIO 3 | F6: MUNICIPIO 4 | G6: MUNICIPIO 5 | H6: MUNICIPIO 6 | I6: MUNICIPIO 7 | J6: MUNICIPIO 8 | K6: MUNICIPIO 9 | L6: MUNICIPIO 10
B7: LOS PALMITOS
E8: MUNICIPIO 11 | F8: MUNICIPIO 12 | G8: MUNICIPIO 13 | H8: MUNICIPIO 14 | I8: MUNICIPIO 15 | J8: MUNICIPIO 16
B11: OFERENTE 1 | C11: UNIÓN TEMPORAL - CONSORCIO | F11: OFERENTE / INTEGRANTE 1-1 | G11: INTEGRANTE 1-2 | H11: INTEGRANTE 1-3 | I11: INTEGRANTE 1-4 | J11: INTEGRANTE 1-5 | K11: INTEGRANTE 1-6 | L11: TOTAL
C12: Singular | D12: ÍTEMS
D13: NIT | F13: 823004825
D14: RAZÓN SOCIAL | F14: =IFERROR(VLOOKUP(F13,EAS!$A$2:$B$1518,2,0),"") -> FUNDACION PLENITUD LOS PALMITOS | G14: =IFERROR(VLOOKUP(G13,EAS!$A$2:$B$1518,2,0),"") | H14: =IFERROR(VLOOKUP(H13,EAS!$A$2:$B$1518,2,0),"") | I14: =IFERROR(VLOOKUP(I13,EAS!$A$2:$B$1518,2,0),"") | J14: =IFERROR(VLOOKUP(J13,EAS!$A$2:$B$1518,2,0),"") | K14: =IFERROR(VLOOKUP(K13,EAS!$A$2:$B$1518,2,0),"")
D15: % PARTICIPACIÓN | F15: 1 | L15: =+IF(C12="Singular",1,IF(SUM(F15:K15)<>1,"Verifique % participación",SUM(F15:K15))) -> 1
D16: CAPACIDAD OPERATIVA BNOPI | F16: =IFERROR(VLOOKUP(F13,EAS!$A$2:$G$1427,3,0),"0") -> 24676 | G16: =IFERROR(VLOOKUP(G13,EAS!$A$2:$G$1427,3,0),"0") -> 0 | H16: =IFERROR(VLOOKUP(H13,EAS!$A$2:$G$1427,3,0),"0") -> 0 | I16: =IFERROR(VLOOKUP(I13,EAS!$A$2:$G$1427,3,0),"0") -> 0 | J16: =IFERROR(VLOOKUP(J13,EAS!$A$2:$G$1427,3,0),"0") -> 0 | K16: =IFERROR(VLOOKUP(K13,EAS!$A$2:$G$1427,3,0),"0") -> 0 | L16: =+IF(C12="Singular",F16,SUM((F16*F15),(G16*G15)+(H16*H15)+(I16*I15)+(J16*J15)+(K16*K15))) -> 24676
D17: IDEAS | F17: =IFERROR(VLOOKUP(F13,EAS!$A$2:$G$1427,5,0),"") -> Sobresaliente | G17: =IFERROR(VLOOKUP(G13,EAS!$A$2:$G$1427,5,0),"") | H17: =IFERROR(VLOOKUP(H13,EAS!$A$2:$G$1427,5,0),"") | I17: =IFERROR(VLOOKUP(I13,EAS!$A$2:$G$1427,5,0),"") | J17: =IFERROR(VLOOKUP(J13,EAS!$A$2:$G$1427,5,0),"") | K17: =IFERROR(VLOOKUP(K13,EAS!$A$2:$G$1427,5,0),"") | L17: =+IF(C12="Singular",F17,IF(COUNTIF(F17:K17,"Bajo")>=1,"Bajo",IF(COUNTIF(F17:K17,"Aceptable")>=1,"Aceptable",IF(COUNTIF(F17:K17,"Bueno")>=1,"Bueno",IF(COUNTIF(F17:K17,"Sobresaliente")>=1,"Sobresaliente",IF(COUNTIF(F17:K17,"Nueva EAS")>=1,"Nueva EAS","-")))))) -> Sobresaliente
D18: SANCIONATORIOS CONTRATOS Y OAC | F18: =IFERROR(VLOOKUP(F13,EAS!$A$2:$H$1427,8,0),"") | G18: =IFERROR(VLOOKUP(G13,EAS!$A$2:$H$1427,8,0),"") | H18: =IFERROR(VLOOKUP(H13,EAS!$A$2:$H$1427,8,0),"") | I18: =IFERROR(VLOOKUP(I13,EAS!$A$2:$H$1427,8,0),"") | J18: =IFERROR(VLOOKUP(J13,EAS!$A$2:$H$1427,8,0),"") | K18: =IFERROR(VLOOKUP(K13,EAS!$A$2:$H$1427,8,0),"") | L18: =+IF(AND(C12="Singular",F18<>""),1,(COUNT("",F18:K18))) -> 0
D19: EXPERIENCIA TERRITORIAL | E19: =+IF(B7<>"",B7,"") -> LOS PALMITOS | F19: Si | L19: =+IFERROR(IF(E19<>"",(IF(C12="Singular",IF(F19="Si",1,0),(COUNTIF(F19:K19,"Si")/COUNTA(F19:K19)))),0),0) -> 1
E20: =+IF(D7<>"",D7,"") | L20: =+IFERROR(IF(E20<>"",(IF(C12="Singular",IF(F20="Si",1,0),(COUNTIF(F20:K20,"Si")/COUNTA(F20:K20)))),0),0) -> 0
E21: =+IF(E7<>"",E7,"") | L21: =+IFERROR(IF(E21<>"",(IF(C12="Singular",IF(F21="Si",1,0),(COUNTIF(F21:K21,"Si")/COUNTA(F21:K21)))),0),0) -> 0
E22: =+IF(F7<>"",F7,"") | L22: =+IFERROR(IF(E22<>"",(IF(C12="Singular",IF(F22="Si",1,0),(COUNTIF(F22:K22,"Si")/COUNTA(F22:K22)))),0),0) -> 0
E23: =+IF(G7<>"",G7,"") | L23: =+IFERROR(IF(E23<>"",(IF(C12="Singular",IF(F23="Si",1,0),(COUNTIF(F23:K23,"Si")/COUNTA(F23:K23)))),0),0) -> 0
E24: =+IF(H7<>"",H7,"") | L24: =+IFERROR(IF(E24<>"",(IF(C12="Singular",IF(F24="Si",1,0),(COUNTIF(F24:K24,"Si")/COUNTA(F24:K24)))),0),0) -> 0
E25: =+IF(I7<>"",I7,"") | L25: =+IFERROR(IF(E25<>"",(IF(C12="Singular",IF(F25="Si",1,0),(COUNTIF(F25:K25,"Si")/COUNTA(F25:K25)))),0),0) -> 0
E26: =+IF(J7<>"",J7,"") | L26: =+IFERROR(IF(E26<>"",(IF(C12="Singular",IF(F26="Si",1,0),(COUNTIF(F26:K26,"Si")/COUNTA(F26:K26)))),0),0) -> 0
E27: =+IF(K7<>"",K7,"") | L27: =+IFERROR(IF(E27<>"",(IF(C12="Singular",IF(F27="Si",1,0),(COUNTIF(F27:K27,"Si")/COUNTA(F27:K27)))),0),0) -> 0
E28: =+IF(L7<>"",L7,"") | L28: =+IFERROR(IF(E28<>"",(IF(C12="Singular",IF(F28="Si",1,0),(COUNTIF(F28:K28,"Si")/COUNTA(F28:K28)))),0),0) -> 0
E29: =+IF(E9<>"",E9,"") | L29: =+IFERROR(IF(E29<>"",(IF(C12="Singular",IF(F29="Si",1,0),(COUNTIF(F29:K29,"Si")/COUNTA(F29:K29)))),0),0) -> 0
E30: =+IF(F9<>"",F9,"") | L30: =+IFERROR(IF(E30<>"",(IF(C12="Singular",IF(F30="Si",1,0),(COUNTIF(F30:K30,"Si")/COUNTA(F30:K30)))),0),0) -> 0
E31: =+IF(G9<>"",G9,"") | L31: =+IFERROR(IF(E31<>"",(IF(C12="Singular",IF(F31="Si",1,0),(COUNTIF(F31:K31,"Si")/COUNTA(F31:K31)))),0),0) -> 0
E32: =+IF(H9<>"",H9,"") | L32: =+IFERROR(IF(E32<>"",(IF(C12="Singular",IF(F32="Si",1,0),(COUNTIF(F32:K32,"Si")/COUNTA(F32:K32)))),0),0) -> 0
E33: =+IF(I9<>"",I9,"") | L33: =+IFERROR(IF(E33<>"",(IF(C12="Singular",IF(F33="Si",1,0),(COUNTIF(F33:K33,"Si")/COUNTA(F33:K33)))),0),0) -> 0
E34: =+IF(J9<>"",J9,"") | L34: =+IFERROR(IF(E34<>"",(IF(C12="Singular",IF(F34="Si",1,0),(COUNTIF(F34:K34,"Si")/COUNTA(F34:K34)))),0),0) -> 0
E35: DEPARTAMENTAL | F35: 0 | L35: =IF(AND(C12="Singular",SUM(L19:L34)=0,F35>1),(15/(COUNTA(F19:F34))*F35),IF(AND(C12="Plural",SUM(L19:L34)=0,SUM(F35:K35)>0),SUM(IF(F35>1,IF((15/(COUNTA(F19:F34)))/(COUNT(F35:K35))*F35>((15/(COUNTA(F19:F34)))/(COUNT(F35:K35))*COUNTA(F19:F34)),((15/(COUNTA(F19:F34)))/(COUNT(F35:K35))*COUNTA(F19:F34)),(15/(COUNTA(F19:F34)))/(COUNT(F35:K35))*F35),0))+(IF(G35>1,IF((15/(COUNTA(F19:F34)))/(COUNT(F35:K35))*G35>((15/(COUNTA(F19:F34)))/(COUNT(F35:K35))*COUNTA(F19:F34)),((15/(COUNTA(F19:F34)))/(COUNT(F35:K35))*COUNTA(F19:F34)),(15/(COUNTA(F19:F34)))/(COUNT(F35:K35))*G35),0))+(IF(H35>1,IF((15/(COUNTA(F19:F34)))/(COUNT(F35:K35))*H35>((15/(COUNTA(F19:F34)))/(COUNT(F35:K35))*COUNTA(F19:F34)),((15/(COUNTA(F19:F34)))/(COUNT(F35:K35))*COUNTA(F19:F34)),(15/(COUNTA(F19:F34)))/(COUNT(F35:K35))*H35),0))+(IF(I35>1,IF((15/(COUNTA(F19:F34)))/(COUNT(F35:K35))*I35>((15/(COUNTA(F19:F34)))/(COUNT(F35:K35))*COUNTA(F19:F34)),((15/(COUNTA(F19:F34)))/(COUNT(F35:K35))*COUNTA(F19:F34)),(15/(COUNTA(F19:F34)))/(COUNT(F35:K35))*I35),0)+(IF(J35>1,IF((15/(COUNTA(F19:F34)))/(COUNT(F35:K35))*J35>((15/(COUNTA(F19:F34)))/(COUNT(F35:K35))*COUNTA(F19:F34)),((15/(COUNTA(F19:F34)))/(COUNT(F35:K35))*COUNTA(F19:F34)),(15/(COUNTA(F19:F34)))/(COUNT(F35:K35))*J35),0)+(IF(K35>1,IF((15/(COUNTA(F19:F34)))/(COUNT(F35:K35))*K35>((15/(COUNTA(F19:F34)))/(COUNT(F35:K35))*COUNTA(F19:F34)),((15/(COUNTA(F19:F34)))/(COUNT(F35:K35))*COUNTA(F19:F34)),(15/(COUNTA(F19:F34)))/(COUNT(F35:K35))*K35),0)))),0)) -> 0
E36: NACIONAL | F36: 0 | L36: =IF(AND(C12="Singular",SUM(L19:L34)=0,F35<2,F36>1),(5/(COUNTA(F19:F34))*F36),IF(AND(C12="Plural",SUM(L19:L34)=0,L35=0,SUM(F36:K36)>0),SUM(IF(F36>1,IF((5/(COUNTA(F19:F34)))/(COUNT(F36:K36))*F36>((5/(COUNTA(F19:F34)))/(COUNT(F36:K36))*COUNTA(F19:F34)),((5/(COUNTA(F19:F34)))/(COUNT(F36:K36))*COUNTA(F19:F34)),(5/(COUNTA(F19:F34)))/(COUNT(F36:K36))*F36),0))+(IF(G36>1,IF((5/(COUNTA(F19:F34)))/(COUNT(F36:K36))*G36>((5/(COUNTA(F19:F34)))/(COUNT(F36:K36))*COUNTA(F19:F34)),((5/(COUNTA(F19:F34)))/(COUNT(F36:K36))*COUNTA(F19:F34)),(5/(COUNTA(F19:F34)))/(COUNT(F36:K36))*G36),0))+(IF(H36>1,IF((5/(COUNTA(F19:F34)))/(COUNT(F36:K36))*H36>((5/(COUNTA(F19:F34)))/(COUNT(F36:K36))*COUNTA(F19:F34)),((5/(COUNTA(F19:F34)))/(COUNT(F36:K36))*COUNTA(F19:F34)),(5/(COUNTA(F19:F34)))/(COUNT(F36:K36))*H36),0))+(IF(I36>1,IF((5/(COUNTA(F19:F34)))/(COUNT(F36:K36))*I36>((5/(COUNTA(F19:F34)))/(COUNT(F36:K36))*COUNTA(F19:F34)),((5/(COUNTA(F19:F34)))/(COUNT(F36:K36))*COUNTA(F19:F34)),(5/(COUNTA(F19:F34)))/(COUNT(F36:K36))*I36),0)+(IF(J36>1,IF((5/(COUNTA(F19:F34)))/(COUNT(F36:K36))*J36>((5/(COUNTA(F19:F34)))/(COUNT(F36:K36))*COUNTA(F19:F34)),((5/(COUNTA(F19:F34)))/(COUNT(F36:K36))*COUNTA(F19:F34)),(5/(COUNTA(F19:F34)))/(COUNT(F36:K36))*J36),0)+(IF(K36>1,IF((5/(COUNTA(F19:F34)))/(COUNT(F36:K36))*K36>((5/(COUNTA(F19:F34)))/(COUNT(F36:K36))*COUNTA(F19:F34)),((5/(COUNTA(F19:F34)))/(COUNT(F36:K36))*COUNTA(F19:F34)),(5/(COUNTA(F19:F34)))/(COUNT(F36:K36))*K36),0)))),0)) -> 0
D37: EXPERIENCIA TERRITORIAL ADICIONAL MESES | E37: =+IF(B7<>"",B7,"") -> LOS PALMITOS | F37: 33 | L37: =+IFERROR(IF(E37<>"",IF(C12="Singular",F37,(((F37+G37+H37+I37+J37+K37))/COUNTA(F37:K37))),0),0) -> 33
E38: =+IF(D7<>"",D7,"") | L38: =+IFERROR(IF(E38<>"",IF(C12="Singular",F38,(((F38+G38+H38+I38+J38+K38))/COUNTA(F38:K38))),0),0) -> 0
E39: =+IF(E7<>"",E7,"") | L39: =+IFERROR(IF(E39<>"",IF(C12="Singular",F39,(((F39+G39+H39+I39+J39+K39))/COUNTA(F39:K39))),0),0) -> 0
E40: =+IF(F7<>"",F7,"") | L40: =+IFERROR(IF(E40<>"",IF(C12="Singular",F40,(((F40+G40+H40+I40+J40+K40))/COUNTA(F40:K40))),0),0) -> 0
E41: =+IF(G7<>"",G7,"") | L41: =+IFERROR(IF(E41<>"",IF(C12="Singular",F41,(((F41+G41+H41+I41+J41+K41))/COUNTA(F41:K41))),0),0) -> 0
E42: =+IF(H7<>"",H7,"") | L42: =+IFERROR(IF(E42<>"",IF(C12="Singular",F42,(((F42+G42+H42+I42+J42+K42))/COUNTA(F42:K42))),0),0) -> 0
E43: =+IF(I7<>"",I7,"") | L43: =+IFERROR(IF(E43<>"",IF(C12="Singular",F43,(((F43+G43+H43+I43+J43+K43))/COUNTA(F43:K43))),0),0) -> 0
E44: =+IF(J7<>"",J7,"") | L44: =+IFERROR(IF(E44<>"",IF(C12="Singular",F44,(((F44+G44+H44+I44+J44+K44))/COUNTA(F44:K44))),0),0) -> 0
E45: =+IF(K7<>"",K7,"") | L45: =+IFERROR(IF(E45<>"",IF(C12="Singular",F45,(((F45+G45+H45+I45+J45+K45))/COUNTA(F45:K45))),0),0) -> 0
E46: =+IF(L7<>"",L7,"") | L46: =+IFERROR(IF(E46<>"",IF(C12="Singular",F46,(((F46+G46+H46+I46+J46+K46))/COUNTA(F46:K46))),0),0) -> 0
E47: =+IF(E9<>"",E9,"") | L47: =+IFERROR(IF(E47<>"",IF(C12="Singular",F47,(((F47+G47+H47+I47+J47+K47))/COUNTA(F47:K47))),0),0) -> 0
E48: =+IF(F9<>"",F9,"") | L48: =+IFERROR(IF(E48<>"",IF(C12="Singular",F48,(((F48+G48+H48+I48+J48+K48))/COUNTA(F48:K48))),0),0) -> 0
E49: =+IF(G9<>"",G9,"") | L49: =+IFERROR(IF(E49<>"",IF(C12="Singular",F49,(((F49+G49+H49+I49+J49+K49))/COUNTA(F49:K49))),0),0) -> 0
E50: =+IF(H9<>"",H9,"") | L50: =+IFERROR(IF(E50<>"",IF(C12="Singular",F50,(((F50+G50+H50+I50+J50+K50))/COUNTA(F50:K50))),0),0) -> 0
E51: =+IF(I9<>"",I9,"") | L51: =+IFERROR(IF(E51<>"",IF(C12="Singular",F51,(((F51+G51+H51+I51+J51+K51))/COUNTA(F51:K51))),0),0) -> 0
E52: =+IF(J9<>"",J9,"") | L52: =+IFERROR(IF(E52<>"",IF(C12="Singular",F52,(((F52+G52+H52+I52+J52+K52))/COUNTA(F52:K52))),0),0) -> 0
E53: DEPARTAMENTAL | F53: 0 | L53: =IFERROR(IF(AND(C12="Singular",SUM(L37:L52)=0),F53,IF(AND(C12="Plural",SUM(L37:L52)=0),(F53+G53+H53+I53+J53+K53)/COUNTA(F53:K53),0)),0) -> 0
E54: NACIONAL | F54: 0 | L54: =IFERROR(IF(AND(C12="Singular",SUM(L37:L52)=0,F53=0),F54,IF(AND(C12="Plural",SUM(L37:L52)=0,L53=0),(F54+G54+H54+I54+J54+K54)/COUNTA(F54:K54),0)),0) -> 0
D55: VALOR TOTAL CONTRATOS EN EJECUCIÓN (SMMLV) | F55: 1266 | L55: =+IF(C12="Singular",F55,SUM((F55*F15),(G55*G15)+(H55*H15)+(I55*I15)+(J55*J15)+(K55*K15))) -> 1266
D56: TALENTO HUMANO | F56: Si | L56: =+IF(C12="Singular",F56,IF(COUNTIF(F56:K56,"Si")>=1,"Si","No")) -> Si
D57: INFRAESTRUCTURA | F57: Si | L57: =+IF(C12="Singular",F57,IF(COUNTIF(F57:K57,"Si")>=1,"Si",IF(COUNTIF(F57:K57,"N/A")>=1,"Si","No"))) -> Si
D58: DISCAPACIDAD | F58: No | L58: =+IF(C12="Singular",F58,IF(COUNTIF(F58:K58,"Si")>=1,"Si","No")) -> No
D59: CONTRAPARTIDA ADICIONAL | F59: 0 | L59: =+IF(C12="Singular",F59,SUM(F59:K59)) -> 0
D60: VALORES TÉCNICOS AGREGADOS - VTA | F60: 0.03 | L60: =+IF(C12="Singular",F60,SUM(F60:K60)) -> 0.03
D61: TRAYECTORIA | F61: 42033 | L61: =+IF(F61<>"",IF(C12="Singular",((TODAY()-F61)/30),(TODAY()-MIN(F61:K61))/30),0) -> 75.766667
B63: OFERENTE 2 | C63: UNIÓN TEMPORAL - CONSORCIO | F63: OFERENTE / INTEGRANTE 2-1 | G63: INTEGRANTE 2-2 | H63: INTEGRANTE 2-3 | I63: INTEGRANTE 2-4 | J63: INTEGRANTE 2-5 | K63: INTEGRANTE 2-6 | L63: TOTAL
C64: Singular | D64: ÍTEMS
D65: NIT
D66: RAZÓN SOCIAL | F66: =IFERROR(VLOOKUP(F65,EAS!$A$2:$B$1518,2,0),"") | G66: =IFERROR(VLOOKUP(G65,EAS!$A$2:$B$1518,2,0),"") | H66: =IFERROR(VLOOKUP(H65,EAS!$A$2:$B$1518,2,0),"") | I66: =IFERROR(VLOOKUP(I65,EAS!$A$2:$B$1518,2,0),"") | J66: =IFERROR(VLOOKUP(J65,EAS!$A$2:$B$1518,2,0),"") | K66: =IFERROR(VLOOKUP(K65,EAS!$A$2:$B$1518,2,0),"")
D67: % PARTICIPACIÓN | L67: =+IF(C64="Singular",1,IF(SUM(F67:K67)<>1,"Verifique % participación",SUM(F67:K67))) -> 1
D68: CAPACIDAD OPERATIVA BNOPI | F68: =IFERROR(VLOOKUP(F65,EAS!$A$2:$G$1427,3,0),"0") -> 0 | G68: =IFERROR(VLOOKUP(G65,EAS!$A$2:$G$1427,3,0),"0") -> 0 | H68: =IFERROR(VLOOKUP(H65,EAS!$A$2:$G$1427,3,0),"0") -> 0 | I68: =IFERROR(VLOOKUP(I65,EAS!$A$2:$G$1427,3,0),"0") -> 0 | J68: =IFERROR(VLOOKUP(J65,EAS!$A$2:$G$1427,3,0),"0") -> 0 | K68: =IFERROR(VLOOKUP(K65,EAS!$A$2:$G$1427,3,0),"0") -> 0 | L68: =+IF(C64="Singular",F68,SUM((F68*F67),(G68*G67)+(H68*H67)+(I68*I67)+(J68*J67)+(K68*K67))) -> 0
D69: IDEAS | F69: =IFERROR(VLOOKUP(F65,EAS!$A$2:$G$1427,5,0),"") | G69: =IFERROR(VLOOKUP(G65,EAS!$A$2:$G$1427,5,0),"") | H69: =IFERROR(VLOOKUP(H65,EAS!$A$2:$G$1427,5,0),"") | I69: =IFERROR(VLOOKUP(I65,EAS!$A$2:$G$1427,5,0),"") | J69: =IFERROR(VLOOKUP(J65,EAS!$A$2:$G$1427,5,0),"") | K69: =IFERROR(VLOOKUP(K65,EAS!$A$2:$G$1427,5,0),"") | L69: =+IF(C64="Singular",F69,IF(COUNTIF(F69:K69,"Bajo")>=1,"Bajo",IF(COUNTIF(F69:K69,"Aceptable")>=1,"Aceptable",IF(COUNTIF(F69:K69,"Bueno")>=1,"Bueno",IF(COUNTIF(F69:K69,"Sobresaliente")>=1,"Sobresaliente",IF(COUNTIF(F69:K69,"Nueva EAS")>=1,"Nueva EAS","-"))))))
D70: SANCIONATORIOS CONTRATOS Y OAC | F70: =IFERROR(VLOOKUP(F65,EAS!$A$2:$H$1427,8,0),"") | G70: =IFERROR(VLOOKUP(G65,EAS!$A$2:$H$1427,8,0),"") | H70: =IFERROR(VLOOKUP(H65,EAS!$A$2:$H$1427,8,0),"") | I70: =IFERROR(VLOOKUP(I65,EAS!$A$2:$H$1427,8,0),"") | J70: =IFERROR(VLOOKUP(J65,EAS!$A$2:$H$1427,8,0),"") | K70: =IFERROR(VLOOKUP(K65,EAS!$A$2:$H$1427,8,0),"") | L70: =+IF(AND(C64="Singular",F70<>""),1,(COUNT("",F70:K70))) -> 0
D71: EXPERIENCIA TERRITORIAL | E71: =+IF(B7<>"",B7,"") -> LOS PALMITOS | L71: =+IFERROR(IF(E71<>"",(IF(C64="Singular",IF(F71="Si",1,0),(COUNTIF(F71:K71,"Si")/COUNTA(F71:K71)))),0),0) -> 0
E72: =+IF(D7<>"",D7,"") | L72: =+IFERROR(IF(E72<>"",(IF(C64="Singular",IF(F72="Si",1,0),(COUNTIF(F72:K72,"Si")/COUNTA(F72:K72)))),0),0) -> 0
E73: =+IF(E7<>"",E7,"") | L73: =+IFERROR(IF(E73<>"",(IF(C64="Singular",IF(F73="Si",1,0),(COUNTIF(F73:K73,"Si")/COUNTA(F73:K73)))),0),0) -> 0
E74: =+IF(F7<>"",F7,"") | L74: =+IFERROR(IF(E74<>"",(IF(C64="Singular",IF(F74="Si",1,0),(COUNTIF(F74:K74,"Si")/COUNTA(F74:K74)))),0),0) -> 0
E75: =+IF(G7<>"",G7,"") | L75: =+IFERROR(IF(E75<>"",(IF(C64="Singular",IF(F75="Si",1,0),(COUNTIF(F75:K75,"Si")/COUNTA(F75:K75)))),0),0) -> 0
E76: =+IF(H7<>"",H7,"") | L76: =+IFERROR(IF(E76<>"",(IF(C64="Singular",IF(F76="Si",1,0),(COUNTIF(F76:K76,"Si")/COUNTA(F76:K76)))),0),0) -> 0
E77: =+IF(I7<>"",I7,"") | L77: =+IFERROR(IF(E77<>"",(IF(C64="Singular",IF(F77="Si",1,0),(COUNTIF(F77:K77,"Si")/COUNTA(F77:K77)))),0),0) -> 0
E78: =+IF(J7<>"",J7,"") | L78: =+IFERROR(IF(E78<>"",(IF(C64="Singular",IF(F78="Si",1,0),(COUNTIF(F78:K78,"Si")/COUNTA(F78:K78)))),0),0) -> 0
E79: =+IF(K7<>"",K7,"") | L79: =+IFERROR(IF(E79<>"",(IF(C64="Singular",IF(F79="Si",1,0),(COUNTIF(F79:K79,"Si")/COUNTA(F79:K79)))),0),0) -> 0
E80: =+IF(L7<>"",L7,"") | L80: =+IFERROR(IF(E80<>"",(IF(C64="Singular",IF(F80="Si",1,0),(COUNTIF(F80:K80,"Si")/COUNTA(F80:K80)))),0),0) -> 0
E81: =+IF(E9<>"",E9,"") | L81: =+IFERROR(IF(E81<>"",(IF(C64="Singular",IF(F81="Si",1,0),(COUNTIF(F81:K81,"Si")/COUNTA(F81:K81)))),0),0) -> 0
E82: =+IF(F9<>"",F9,"") | L82: =+IFERROR(IF(E82<>"",(IF(C64="Singular",IF(F82="Si",1,0),(COUNTIF(F82:K82,"Si")/COUNTA(F82:K82)))),0),0) -> 0
E83: =+IF(G9<>"",G9,"") | L83: =+IFERROR(IF(E83<>"",(IF(C64="Singular",IF(F83="Si",1,0),(COUNTIF(F83:K83,"Si")/COUNTA(F83:K83)))),0),0) -> 0
E84: =+IF(H9<>"",H9,"") | L84: =+IFERROR(IF(E84<>"",(IF(C64="Singular",IF(F84="Si",1,0),(COUNTIF(F84:K84,"Si")/COUNTA(F84:K84)))),0),0) -> 0
E85: =+IF(I9<>"",I9,"") | L85: =+IFERROR(IF(E85<>"",(IF(C64="Singular",IF(F85="Si",1,0),(COUNTIF(F85:K85,"Si")/COUNTA(F85:K85)))),0),0) -> 0
E86: =+IF(J9<>"",J9,"") | L86: =+IFERROR(IF(E86<>"",(IF(C64="Singular",IF(F86="Si",1,0),(COUNTIF(F86:K86,"Si")/COUNTA(F86:K86)))),0),0) -> 0
E87: DEPARTAMENTAL | L87: =IF(AND(C64="Singular",SUM(L71:L86)=0,F87>1),(15/(COUNTA(F71:F86))*F87),IF(AND(C64="Plural",SUM(L71:L86)=0,SUM(F87:K87)>0),SUM(IF(F87>1,IF((15/(COUNTA(F71:F86)))/(COUNT(F87:K87))*F87>((15/(COUNTA(F71:F86)))/(COUNT(F87:K87))*COUNTA(F71:F86)),((15/(COUNTA(F71:F86)))/(COUNT(F87:K87))*COUNTA(F71:F86)),(15/(COUNTA(F71:F86)))/(COUNT(F87:K87))*F87),0))+(IF(G87>1,IF((15/(COUNTA(F71:F86)))/(COUNT(F87:K87))*G87>((15/(COUNTA(F71:F86)))/(COUNT(F87:K87))*COUNTA(F71:F86)),((15/(COUNTA(F71:F86)))/(COUNT(F87:K87))*COUNTA(F71:F86)),(15/(COUNTA(F71:F86)))/(COUNT(F87:K87))*G87),0))+(IF(H87>1,IF((15/(COUNTA(F71:F86)))/(COUNT(F87:K87))*H87>((15/(COUNTA(F71:F86)))/(COUNT(F87:K87))*COUNTA(F71:F86)),((15/(COUNTA(F71:F86)))/(COUNT(F87:K87))*COUNTA(F71:F86)),(15/(COUNTA(F71:F86)))/(COUNT(F87:K87))*H87),0))+(IF(I87>1,IF((15/(COUNTA(F71:F86)))/(COUNT(F87:K87))*I87>((15/(COUNTA(F71:F86)))/(COUNT(F87:K87))*COUNTA(F71:F86)),((15/(COUNTA(F71:F86)))/(COUNT(F87:K87))*COUNTA(F71:F86)),(15/(COUNTA(F71:F86)))/(COUNT(F87:K87))*I87),0)+(IF(J87>1,IF((15/(COUNTA(F71:F86)))/(COUNT(F87:K87))*J87>((15/(COUNTA(F71:F86)))/(COUNT(F87:K87))*COUNTA(F71:F86)),((15/(COUNTA(F71:F86)))/(COUNT(F87:K87))*COUNTA(F71:F86)),(15/(COUNTA(F71:F86)))/(COUNT(F87:K87))*J87),0)+(IF(K87>1,IF((15/(COUNTA(F71:F86)))/(COUNT(F87:K87))*K87>((15/(COUNTA(F71:F86)))/(COUNT(F87:K87))*COUNTA(F71:F86)),((15/(COUNTA(F71:F86)))/(COUNT(F87:K87))*COUNTA(F71:F86)),(15/(COUNTA(F71:F86)))/(COUNT(F87:K87))*K87),0)))),0)) -> 0
E88: NACIONAL | L88: =IF(AND(C64="Singular",SUM(L71:L86)=0,F87<2,F88>1),(5/(COUNTA(F71:F86))*F88),IF(AND(C64="Plural",SUM(L71:L86)=0,L87=0,SUM(F88:K88)>0),SUM(IF(F88>1,IF((5/(COUNTA(F71:F86)))/(COUNT(F88:K88))*F88>((5/(COUNTA(F71:F86)))/(COUNT(F88:K88))*COUNTA(F71:F86)),((5/(COUNTA(F71:F86)))/(COUNT(F88:K88))*COUNTA(F71:F86)),(5/(COUNTA(F71:F86)))/(COUNT(F88:K88))*F88),0))+(IF(G88>1,IF((5/(COUNTA(F71:F86)))/(COUNT(F88:K88))*G88>((5/(COUNTA(F71:F86)))/(COUNT(F88:K88))*COUNTA(F71:F86)),((5/(COUNTA(F71:F86)))/(COUNT(F88:K88))*COUNTA(F71:F86)),(5/(COUNTA(F71:F86)))/(COUNT(F88:K88))*G88),0))+(IF(H88>1,IF((5/(COUNTA(F71:F86)))/(COUNT(F88:K88))*H88>((5/(COUNTA(F71:F86)))/(COUNT(F88:K88))*COUNTA(F71:F86)),((5/(COUNTA(F71:F86)))/(COUNT(F88:K88))*COUNTA(F71:F86)),(5/(COUNTA(F71:F86)))/(COUNT(F88:K88))*H88),0))+(IF(I88>1,IF((5/(COUNTA(F71:F86)))/(COUNT(F88:K88))*I88>((5/(COUNTA(F71:F86)))/(COUNT(F88:K88))*COUNTA(F71:F86)),((5/(COUNTA(F71:F86)))/(COUNT(F88:K88))*COUNTA(F71:F86)),(5/(COUNTA(F71:F86)))/(COUNT(F88:K88))*I88),0)+(IF(J88>1,IF((5/(COUNTA(F71:F86)))/(COUNT(F88:K88))*J88>((5/(COUNTA(F71:F86)))/(COUNT(F88:K88))*COUNTA(F71:F86)),((5/(COUNTA(F71:F86)))/(COUNT(F88:K88))*COUNTA(F71:F86)),(5/(COUNTA(F71:F86)))/(COUNT(F88:K88))*J88),0)+(IF(K88>1,IF((5/(COUNTA(F71:F86)))/(COUNT(F88:K88))*K88>((5/(COUNTA(F71:F86)))/(COUNT(F88:K88))*COUNTA(F71:F86)),((5/(COUNTA(F71:F86)))/(COUNT(F88:K88))*COUNTA(F71:F86)),(5/(COUNTA(F71:F86)))/(COUNT(F88:K88))*K88),0)))),0)) -> 0
D89: EXPERIENCIA TERRITORIAL ADICIONAL MESES | E89: =+IF(B7<>"",B7,"") -> LOS PALMITOS | L89: =+IFERROR(IF(E89<>"",IF(C64="Singular",F89,(((F89+G89+H89+I89+J89+K89))/COUNTA(F89:K89))),0),0) -> 0
E90: =+IF(D7<>"",D7,"") | L90: =+IFERROR(IF(E90<>"",IF(C64="Singular",F90,(((F90+G90+H90+I90+J90+K90))/COUNTA(F90:K90))),0),0) -> 0
E91: =+IF(E7<>"",E7,"") | L91: =+IFERROR(IF(E91<>"",IF(C64="Singular",F91,(((F91+G91+H91+I91+J91+K91))/COUNTA(F91:K91))),0),0) -> 0
E92: =+IF(F7<>"",F7,"") | L92: =+IFERROR(IF(E92<>"",IF(C64="Singular",F92,(((F92+G92+H92+I92+J92+K92))/COUNTA(F92:K92))),0),0) -> 0
E93: =+IF(G7<>"",G7,"") | L93: =+IFERROR(IF(E93<>"",IF(C64="Singular",F93,(((F93+G93+H93+I93+J93+K93))/COUNTA(F93:K93))),0),0) -> 0
E94: =+IF(H7<>"",H7,"") | L94: =+IFERROR(IF(E94<>"",IF(C64="Singular",F94,(((F94+G94+H94+I94+J94+K94))/COUNTA(F94:K94))),0),0) -> 0
E95: =+IF(I7<>"",I7,"") | L95: =+IFERROR(IF(E95<>"",IF(C64="Singular",F95,(((F95+G95+H95+I95+J95+K95))/COUNTA(F95:K95))),0),0) -> 0
E96: =+IF(J7<>"",J7,"") | L96: =+IFERROR(IF(E96<>"",IF(C64="Singular",F96,(((F96+G96+H96+I96+J96+K96))/COUNTA(F96:K96))),0),0) -> 0
E97: =+IF(K7<>"",K7,"") | L97: =+IFERROR(IF(E97<>"",IF(C64="Singular",F97,(((F97+G97+H97+I97+J97+K97))/COUNTA(F97:K97))),0),0) -> 0
E98: =+IF(L7<>"",L7,"") | L98: =+IFERROR(IF(E98<>"",IF(C64="Singular",F98,(((F98+G98+H98+I98+J98+K98))/COUNTA(F98:K98))),0),0) -> 0
E99: =+IF(E9<>"",E9,"") | L99: =+IFERROR(IF(E99<>"",IF(C64="Singular",F99,(((F99+G99+H99+I99+J99+K99))/COUNTA(F99:K99))),0),0) -> 0
E100: =+IF(F9<>"",F9,"") | L100: =+IFERROR(IF(E100<>"",IF(C64="Singular",F100,(((F100+G100+H100+I100+J100+K100))/COUNTA(F100:K100))),0),0) -> 0
E101: =+IF(G9<>"",G9,"") | L101: =+IFERROR(IF(E101<>"",IF(C64="Singular",F101,(((F101+G101+H101+I101+J101+K101))/COUNTA(F101:K101))),0),0) -> 0
E102: =+IF(H9<>"",H9,"") | L102: =+IFERROR(IF(E102<>"",IF(C64="Singular",F102,(((F102+G102+H102+I102+J102+K102))/COUNTA(F102:K102))),0),0) -> 0
E103: =+IF(I9<>"",I9,"") | L103: =+IFERROR(IF(E103<>"",IF(C64="Singular",F103,(((F103+G103+H103+I103+J103+K103))/COUNTA(F103:K103))),0),0) -> 0
E104: =+IF(J9<>"",J9,"") | L104: =+IFERROR(IF(E104<>"",IF(C64="Singular",F104,(((F104+G104+H104+I104+J104+K104))/COUNTA(F104:K104))),0),0) -> 0
E105: DEPARTAMENTAL | L105: =IFERROR(IF(AND(C64="Singular",SUM(L89:L104)=0),F105,IF(AND(C64="Plural",SUM(L89:L104)=0),(F105+G105+H105+I105+J105+K105)/COUNTA(F105:K105),0)),0) -> 0
...

Sheet PUNTAJES TOTALES
B1: INSTRUMENTO CALIFICACIÓN DE OFERENTES SERVICIOS DE PRIMERA INFANCIA - PUNTAJE OFERENTES
C3: REGIONAL ICBF: | E3: MANIFESTACIÓN DE INTERÉS No. | H3: MUNICIPIO(S) | Q3: VR INVITACIÓN | S3: VR INVITACIÓN SMMLV | U3: FECHA INICIO | V3: FECHA FINAL | W3: TIEMPO EJECUCIÓN (MESES)
C4: =+DATOS!B4 -> SUCRE | E4: =+DATOS!D4 -> 49 | H4: =+CONCATENATE(DATOS!B7," - ",DATOS!D7," - ",DATOS!E7," - ",DATOS!F7," - ",DATOS!G7," - ",DATOS!H7," - ",DATOS!I7," - ",DATOS!J7," - ",DATOS!K7," - ",DATOS!L7," - ",DATOS!E9," - ",DATOS!F9," - ",DATOS!G9," - ",DATOS!H9," - ",DATOS!I9," - ",DATOS!J9) -> LOS PALMITOS - - - - - - - - - - - - - - - | Q4: =+DATOS!H4 -> 2553279682 | S4: =+DATOS!I4 -> 2908.7194 | U4: =+DATOS!J4 -> 44166 | V4: =+DATOS!K4 -> 44773 | W4: =+DATOS!L4 -> 20.233333
B6: CRITERIOS OFERENTES | E6: OFERENTE 1 | G6: OFERENTE 2 | I6: OFERENTE 3 | K6: OFERENTE 4 | M6: OFERENTE 5 | O6: OFERENTE 6 | Q6: OFERENTE 7 | S6: OFERENTE 8 | U6: OFERENTE 9 | W6: OFERENTE 10
E7: =+IF(AND(DATOS!C12="Plural",DATOS!D11<>"",DATOS!F13>0,SUM(DATOS!G13:'DATOS'!K13)>0),"UNIÓN TEMPORAL - CONSORCIO",IF(AND(DATOS!C12="Singular",DATOS!D11="",DATOS!F13>0,SUM(DATOS!G13:'DATOS'!K13)=0),DATOS!F13,IF(AND(OR(DATOS!C12="Plural",DATOS!C12="Singular"),DATOS!D11="",SUM(DATOS!F13:'DATOS'!K13)=0),"-","Revise tipo de Oferente, nombre de UT/Consorcio o integrantes"))) -> 823004825 | G7: =+IF(AND(DATOS!C64="Plural",DATOS!D63<>"",DATOS!F65>0,SUM(DATOS!G65:'DATOS'!K65)>0),"UNIÓN TEMPORAL - CONSORCIO",IF(AND(DATOS!C64="Singular",DATOS!D63="",DATOS!F65>0,SUM(DATOS!G65:'DATOS'!K65)=0),DATOS!F65,IF(AND(OR(DATOS!C64="Plural",DATOS!C64="Singular"),DATOS!D63="",SUM(DATOS!F65:'DATOS'!K65)=0),"-","Revise tipo de Oferente, nombre de UT/Consorcio o integrantes"))) -> - | I7: =+IF(AND(DATOS!C116="Plural",DATOS!D115<>"",DATOS!F117>0,SUM(DATOS!G117:'DATOS'!K117)>0),"UNIÓN TEMPORAL - CONSORCIO",IF(AND(DATOS!C116="Singular",DATOS!D115="",DATOS!F117>0,SUM(DATOS!G117:'DATOS'!K117)=0),DATOS!F117,IF(AND(OR(DATOS!C116="Plural",DATOS!C116="Singular"),DATOS!D115="",SUM(DATOS!F117:'DATOS'!K117)=0),"-","Revise tipo de Oferente, nombre de UT/Consorcio o integrantes"))) -> - | K7: =+IF(AND(DATOS!C168="Plural",DATOS!D167<>"",DATOS!F169>0,SUM(DATOS!G169:'DATOS'!K169)>0),"UNIÓN TEMPORAL - CONSORCIO",IF(AND(DATOS!C168="Singular",DATOS!D167="",DATOS!F169>0,SUM(DATOS!G169:'DATOS'!K169)=0),DATOS!F169,IF(AND(OR(DATOS!C168="Plural",DATOS!C168="Singular"),DATOS!D167="",SUM(DATOS!F169:'DATOS'!K169)=0),"-","Revise tipo de Oferente, nombre de UT/Consorcio o integrantes"))) -> - | M7: =+IF(AND(DATOS!C220="Plural",DATOS!D219<>"",DATOS!F221>0,SUM(DATOS!G221:'DATOS'!K221)>0),"UNIÓN TEMPORAL - CONSORCIO",IF(AND(DATOS!C220="Singular",DATOS!D219="",DATOS!F221>0,SUM(DATOS!G221:'DATOS'!K221)=0),DATOS!F221,IF(AND(OR(DATOS!C220="Plural",DATOS!C220="Singular"),DATOS!D219="",SUM(DATOS!F221:'DATOS'!K221)=0),"-","Revise tipo de Oferente, nombre de UT/Consorcio o integrantes"))) -> - | O7: =+IF(AND(DATOS!C272="Plural",DATOS!D271<>"",DATOS!F273>0,SUM(DATOS!G273:'DATOS'!K273)>0),"UNIÓN TEMPORAL - CONSORCIO",IF(AND(DATOS!C272="Singular",DATOS!D271="",DATOS!F273>0,SUM(DATOS!G273:'DATOS'!K273)=0),DATOS!F273,IF(AND(OR(DATOS!C272="Plural",DATOS!C272="Singular"),DATOS!D271="",SUM(DATOS!F273:'DATOS'!K273)=0),"-","Revise tipo de Oferente, nombre de UT/Consorcio o integrantes"))) -> - | Q7: =+IF(AND(DATOS!C324="Plural",DATOS!D323<>"",DATOS!F325>0,SUM(DATOS!G325:'DATOS'!K325)>0),"UNIÓN TEMPORAL - CONSORCIO",IF(AND(DATOS!C324="Singular",DATOS!D323="",DATOS!F325>0,SUM(DATOS!G325:'DATOS'!K325)=0),DATOS!F325,IF(AND(OR(DATOS!C324="Plural",DATOS!C324="Singular"),DATOS!D323="",SUM(DATOS!F325:'DATOS'!K325)=0),"-","Revise tipo de Oferente, nombre de UT/Consorcio o integrantes"))) -> - | S7: =+IF(AND(DATOS!C376="Plural",DATOS!D375<>"",DATOS!F377>0,SUM(DATOS!G377:'DATOS'!K377)>0),"UNIÓN TEMPORAL - CONSORCIO",IF(AND(DATOS!C376="Singular",DATOS!D375="",DATOS!F377>0,SUM(DATOS!G377:'DATOS'!K377)=0),DATOS!F377,IF(AND(OR(DATOS!C376="Plural",DATOS!C376="Singular"),DATOS!D375="",SUM(DATOS!F377:'DATOS'!K377)=0),"-","Revise tipo de Oferente, nombre de UT/Consorcio o integrantes"))) -> - | U7: =+IF(AND(DATOS!C428="Plural",DATOS!D427<>"",DATOS!F429>0,SUM(DATOS!G429:'DATOS'!K429)>0),"UNIÓN TEMPORAL - CONSORCIO",IF(AND(DATOS!C428="Singular",DATOS!D427="",DATOS!F429>0,SUM(DATOS!G429:'DATOS'!K429)=0),DATOS!F429,IF(AND(OR(DATOS!C428="Plural",DATOS!C428="Singular"),DATOS!D427="",SUM(DATOS!F429:'DATOS'!K429)=0),"-","Revise tipo de Oferente, nombre de UT/Consorcio o integrantes"))) -> - | W7: =+IF(AND(DATOS!C480="Plural",DATOS!D479<>"",DATOS!F481>0,SUM(DATOS!G481:'DATOS'!K481)>0),"UNIÓN TEMPORAL - CONSORCIO",IF(AND(DATOS!C480="Singular",DATOS!D479="",DATOS!F481>0,SUM(DATOS!G481:'DATOS'!K481)=0),DATOS!F481,IF(AND(OR(DATOS!C480="Plural", DATOS!C480="Singular"),DATOS!D479="",SUM(DATOS!F481:'DATOS'!K481)=0),"-","Revise tipo de Oferente, nombre de UT/Consorcio o integrantes"))) -> -
E8: =+IF(AND(DATOS!C12="Plural",DATOS!D11<>"",DATOS!F13>0,SUM(DATOS!G13:'DATOS'!K13)>0),DATOS!D11,IF(AND(DATOS!C12="Singular",DATOS!D11="",DATOS!F13>0,SUM(DATOS!G13:'DATOS'!K13)=0),DATOS!F14,IF(AND(OR(DATOS!C12="Plural",DATOS!C12="Singular"),DATOS!D11="",SUM(DATOS!F13:'DATOS'!K13)=0),"-","Revise tipo de Oferente, nombre de UT/Consorcio o integrantes"))) -> FUNDACION PLENITUD LOS PALMITOS | G8: =+IF(AND(DATOS!C64="Plural",DATOS!D63<>"",DATOS!F65>0,SUM(DATOS!G65:'DATOS'!K65)>0),DATOS!D63,IF(AND(DATOS!C64="Singular",DATOS!D63="",DATOS!F65>0,SUM(DATOS!G65:'DATOS'!K65)=0),DATOS!F66,IF(AND(OR(DATOS!C64="Plural",DATOS!C64="Singular"),DATOS!D63="",SUM(DATOS!F65:'DATOS'!K65)=0),"-","Revise tipo de Oferente, nombre de UT/Consorcio o integrantes"))) -> - | I8: =+IF(AND(DATOS!C116="Plural",DATOS!D115<>"",DATOS!F117>0,SUM(DATOS!G117:'DATOS'!K117)>0),DATOS!D115,IF(AND(DATOS!C116="Singular",DATOS!D115="",DATOS!F117>0,SUM(DATOS!G117:'DATOS'!K117)=0),DATOS!F118,IF(AND(OR(DATOS!C116="Plural",DATOS!C116="Singular"),DATOS!D115="",SUM(DATOS!F117:'DATOS'!K117)=0),"-","Revise tipo de Oferente, nombre de UT/Consorcio o integrantes"))) -> - | K8: =+IF(AND(DATOS!C168="Plural",DATOS!D167<>"",DATOS!F169>0,SUM(DATOS!G169:'DATOS'!K169)>0),DATOS!D167,IF(AND(DATOS!C168="Singular",DATOS!D167="",DATOS!F169>0,SUM(DATOS!G169:'DATOS'!K169)=0),DATOS!F170,IF(AND(OR(DATOS!C168="Plural",DATOS!C168="Singular"),DATOS!D167="",SUM(DATOS!F169:'DATOS'!K169)=0),"-","Revise tipo de Oferente, nombre de UT/Consorcio o integrantes"))) -> - | M8: =+IF(AND(DATOS!C220="Plural",DATOS!D219<>"",DATOS!F221>0,SUM(DATOS!G221:'DATOS'!K221)>0),DATOS!D219,IF(AND(DATOS!C220="Singular",DATOS!D219="",DATOS!F221>0,SUM(DATOS!G221:'DATOS'!K221)=0),DATOS!F222,IF(AND(OR(DATOS!C220="Plural",DATOS!C220="Singular"),DATOS!D219="",SUM(DATOS!F221:'DATOS'!K221)=0),"-","Revise tipo de Oferente, nombre de UT/Consorcio o integrantes"))) -> - | O8: =+IF(AND(DATOS!C272="Plural",DATOS!D271<>"",DATOS!F273>0,SUM(DATOS!G273:'DATOS'!K273)>0),DATOS!D271,IF(AND(DATOS!C272="Singular",DATOS!D271="",DATOS!F273>0,SUM(DATOS!G273:'DATOS'!K273)=0),DATOS!F274,IF(AND(OR(DATOS!C272="Plural",DATOS!C272="Singular"),DATOS!D271="",SUM(DATOS!F273:'DATOS'!K273)=0),"-","Revise tipo de Oferente, nombre de UT/Consorcio o integrantes"))) -> - | Q8: =+IF(AND(DATOS!C324="Plural",DATOS!D323<>"",DATOS!F325>0,SUM(DATOS!G325:'DATOS'!K325)>0),DATOS!D323,IF(AND(DATOS!C324="Singular",DATOS!D323="",DATOS!F325>0,SUM(DATOS!G325:'DATOS'!K325)=0),DATOS!F326,IF(AND(OR(DATOS!C324="Plural",DATOS!C324="Singular"),DATOS!D323="",SUM(DATOS!F325:'DATOS'!K325)=0),"-","Revise tipo de Oferente, nombre de UT/Consorcio o integrantes"))) -> - | S8: =+IF(AND(DATOS!C376="Plural",DATOS!D375<>"",DATOS!F377>0,SUM(DATOS!G377:'DATOS'!K377)>0),DATOS!D375,IF(AND(DATOS!C376="Singular",DATOS!D375="",DATOS!F377>0,SUM(DATOS!G377:'DATOS'!K377)=0),DATOS!F378,IF(AND(OR(DATOS!C376="Plural",DATOS!C376="Singular"),DATOS!D375="",SUM(DATOS!F377:'DATOS'!K377)=0),"-","Revise tipo de Oferente, nombre de UT/Consorcio o integrantes"))) -> - | U8: =+IF(AND(DATOS!C428="Plural",DATOS!D427<>"",DATOS!F429>0,SUM(DATOS!G429:'DATOS'!K429)>0),DATOS!D427,IF(AND(DATOS!C428="Singular",DATOS!D427="",DATOS!F429>0,SUM(DATOS!G429:'DATOS'!K429)=0),DATOS!F430,IF(AND(OR(DATOS!C428="Plural",DATOS!C428="Singular"),DATOS!D427="",SUM(DATOS!F429:'DATOS'!K429)=0),"-","Revise tipo de Oferente, nombre de UT/Consorcio o integrantes"))) -> - | W8: =+IF(AND(DATOS!C480="Plural",DATOS!D479<>"",DATOS!F481>0,SUM(DATOS!G481:'DATOS'!K481)>0),DATOS!D479,IF(AND(DATOS!C480="Singular",DATOS!D479="",DATOS!F481>0,SUM(DATOS!G481:'DATOS'!K481)=0),DATOS!F482,IF(AND(OR(DATOS!C480="Plural", DATOS!C480="Singular"),DATOS!D479="",SUM(DATOS!F481:'DATOS'!K481)=0),"-","Revise tipo de Oferente, nombre de UT/Consorcio o integrantes"))) -> -
B9: GRUPO | C9: No. | D9: CRITERIO | E9: VALOR | F9: CUMPLE / NO CUMPLE | G9: VALOR | H9: CUMPLE / NO CUMPLE | I9: VALOR | J9: CUMPLE / NO CUMPLE | K9: VALOR | L9: CUMPLE / NO CUMPLE | M9: VALOR | N9: CUMPLE / NO CUMPLE | O9: VALOR | P9: CUMPLE / NO CUMPLE | Q9: VALOR | R9: CUMPLE / NO CUMPLE | S9: VALOR | T9: CUMPLE / NO CUMPLE | U9: VALOR | V9: CUMPLE / NO CUMPLE | W9: VALOR | X9: CUMPLE / NO CUMPLE
B10: CRITERIOS DE VERIFICACIÓN | C10: 1 | D10: Capacidad Residual | E10: =+DATOS!L16-DATOS!L55 -> 23410 | F10: =IF((DATOS!L16-DATOS!L55)>=DATOS!I4,"Cumple","No Cumple") -> Cumple | G10: =+DATOS!L68-DATOS!L107 -> 0 | H10: =IF((DATOS!L68-DATOS!L107)>=DATOS!I4,"Cumple","No Cumple") -> No Cumple | I10: =+DATOS!L120-DATOS!L159 -> 0 | J10: =IF((DATOS!L120-DATOS!L159)>=DATOS!I4,"Cumple","No Cumple") -> No Cumple | K10: =+DATOS!L172-DATOS!L211 -> 0 | L10: =IF((DATOS!L172-DATOS!L211)>=DATOS!I4,"Cumple","No Cumple") -> No Cumple | M10: =+DATOS!L224-DATOS!L263 -> 0 | N10: =IF((DATOS!L224-DATOS!L263)>=DATOS!I4,"Cumple","No Cumple") -> No Cumple | O10: =+DATOS!L276-DATOS!L315 -> 0 | P10: =IF((DATOS!L276-DATOS!L315)>=DATOS!I4,"Cumple","No Cumple") -> No Cumple | Q10: =+DATOS!L328-DATOS!L367 -> 0 | R10: =IF((DATOS!L328-DATOS!L367)>=DATOS!I4,"Cumple","No Cumple") -> No Cumple | S10: =+DATOS!L380-DATOS!L419 -> 0 | T10: =IF((DATOS!L380-DATOS!L419)>=DATOS!I4,"Cumple","No Cumple") -> No Cumple | U10: =+DATOS!L432-DATOS!L471 -> 0 | V10: =IF((DATOS!L432-DATOS!L471)>=DATOS!I4,"Cumple","No Cumple") -> No Cumple | W10: =+DATOS!L484-DATOS!L523 -> 0 | X10: =IF((DATOS!L484-DATOS!L523)>=DATOS!I4,"Cumple","No Cumple") -> No Cumple
C11: 2 | D11: Talento Humano | E11: =+DATOS!L56 -> Si | F11: =IF(DATOS!L56="Si","Cumple","No Cumple") -> Cumple | G11: =+DATOS!L108 -> 0 | H11: =IF(DATOS!L108="Si","Cumple","No Cumple") -> No Cumple | I11: =+DATOS!L160 -> 0 | J11: =IF(DATOS!L160="Si","Cumple","No Cumple") -> No Cumple | K11: =+DATOS!L212 -> 0 | L11: =IF(DATOS!L212="Si","Cumple","No Cumple") -> No Cumple | M11: =+DATOS!L264 -> 0 | N11: =IF(DATOS!L264="Si","Cumple","No Cumple") -> No Cumple | O11: =+DATOS!L316 -> 0 | P11: =IF(DATOS!L316="Si","Cumple","No Cumple") -> No Cumple | Q11: =+DATOS!L368 -> 0 | R11: =IF(DATOS!L368="Si","Cumple","No Cumple") -> No Cumple | S11: =+DATOS!L420 -> No | T11: =IF(DATOS!L420="Si","Cumple","No Cumple") -> No Cumple | U11: =+DATOS!L472 -> No | V11: =IF(DATOS!L472="Si","Cumple","No Cumple") -> No Cumple | W11: =+DATOS!L524 -> No | X11: =IF(DATOS!L524="Si","Cumple","No Cumple") -> No Cumple
C12: 3 | D12: Infraestructura | E12: =+DATOS!L57 -> Si | F12: =IF(OR(DATOS!L57="Si",DATOS!L57="N/A"),"Cumple","No Cumple") -> Cumple | G12: =+DATOS!L109 -> 0 | H12: =IF(OR(DATOS!L109="Si",DATOS!L109="N/A"),"Cumple","No Cumple") -> No Cumple | I12: =+DATOS!L161 -> 0 | J12: =IF(OR(DATOS!L161="Si",DATOS!L161="N/A"),"Cumple","No Cumple") -> No Cumple | K12: =+DATOS!L213 -> 0 | L12: =IF(OR(DATOS!L213="Si",DATOS!L213="N/A"),"Cumple","No Cumple") -> No Cumple | M12: =+DATOS!L265 -> 0 | N12: =IF(OR(DATOS!L265="Si",DATOS!L265="N/A"),"Cumple","No Cumple") -> No Cumple | O12: =+DATOS!L317 -> 0 | P12: =IF(OR(DATOS!L317="Si",DATOS!L317="N/A"),"Cumple","No Cumple") -> No Cumple | Q12: =+DATOS!L369 -> 0 | R12: =IF(OR(DATOS!L369="Si",DATOS!L369="N/A"),"Cumple","No Cumple") -> No Cumple | S12: =+DATOS!L421 -> No | T12: =IF(OR(DATOS!L421="Si",DATOS!L421="N/A"),"Cumple","No Cumple") -> No Cumple | U12: =+DATOS!L473 -> No | V12: =IF(OR(DATOS!L473="Si",DATOS!L473="N/A"),"Cumple","No Cumple") -> No Cumple | W12: =+DATOS!L525 -> No | X12: =IF(OR(DATOS!L525="Si",DATOS!L525="N/A"),"Cumple","No Cumple") -> No Cumple
C13: 4 | D13: IDEAS | E13: =+DATOS!L17 -> Sobresaliente | F13: =IF(OR(DATOS!L17="Sobresaliente",DATOS!L17="Bueno",DATOS!L17="",DATOS!L17="Nueva EAS"),"Cumple","No Cumple") -> Cumple | G13: =+DATOS!L69 | H13: =IF(OR(DATOS!L69="Sobresaliente",DATOS!L69="Bueno",DATOS!L69="",DATOS!L69="Nueva EAS"),"Cumple","No Cumple") -> Cumple | I13: =+DATOS!L121 | J13: =IF(OR(DATOS!L121="Sobresaliente",DATOS!L121="Bueno",DATOS!L121="",DATOS!L121="Nueva EAS"),"Cumple","No Cumple") -> Cumple | K13: =+DATOS!L173 | L13: =IF(OR(DATOS!L173="Sobresaliente",DATOS!L173="Bueno",DATOS!L173="",DATOS!L173="Nueva EAS"),"Cumple","No Cumple") -> Cumple | M13: =+DATOS!L225 | N13: =IF(OR(DATOS!L225="Sobresaliente",DATOS!L225="Bueno",DATOS!L225="",DATOS!L225="Nueva EAS"),"Cumple","No Cumple") -> Cumple | O13: =+DATOS!L277 | P13: =IF(OR(DATOS!L277="Sobresaliente",DATOS!L277="Bueno",DATOS!L277="",DATOS!L277="Nueva EAS"),"Cumple","No Cumple") -> Cumple | Q13: =+DATOS!L329 | R13: =IF(OR(DATOS!L329="Sobresaliente",DATOS!L329="Bueno",DATOS!L329="",DATOS!L329="Nueva EAS"),"Cumple","No Cumple") -> Cumple | S13: =+DATOS!L381 -> - | T13: =IF(OR(DATOS!L381="Sobresaliente",DATOS!L381="Bueno",DATOS!L381="",DATOS!L381="Nueva EAS"),"Cumple","No Cumple") -> No Cumple | U13: =+DATOS!L433 -> - | V13: =IF(OR(DATOS!L433="Sobresaliente",DATOS!L433="Bueno",DATOS!L433="",DATOS!L433="Nueva EAS"),"Cumple","No Cumple") -> No Cumple | W13: =+DATOS!L485 -> - | X13: =IF(OR(DATOS!L485="Sobresaliente",DATOS!L485="Bueno",DATOS!L485="",DATOS!L485="Nueva EAS"),"Cumple","No Cumple") -> No Cumple
B14: CUMPLIMIENTO CRITERIOS | E14: =+IF(AND(F10="Cumple",F11="Cumple",F12="Cumple",F13="Cumple"),"Cumple","No Cumple") -> Cumple | G14: =+IF(AND(H10="Cumple",H11="Cumple",H12="Cumple",H13="Cumple"),"Cumple","No Cumple") -> No Cumple | I14: =+IF(AND(J10="Cumple",J11="Cumple",J12="Cumple",J13="Cumple"),"Cumple","No Cumple") -> No Cumple | K14: =+IF(AND(L10="Cumple",L11="Cumple",L12="Cumple",L13="Cumple"),"Cumple","No Cumple") -> No Cumple | M14: =+IF(AND(N10="Cumple",N11="Cumple",N12="Cumple",N13="Cumple"),"Cumple","No Cumple") -> No Cumple | O14: =+IF(AND(P10="Cumple",P11="Cumple",P12="Cumple",P13="Cumple"),"Cumple","No Cumple") -> No Cumple | Q14: =+IF(AND(R10="Cumple",R11="Cumple",R12="Cumple",R13="Cumple"),"Cumple","No Cumple") -> No Cumple | S14: =+IF(AND(T10="Cumple",T11="Cumple",T12="Cumple",T13="Cumple"),"Cumple","No Cumple") -> No Cumple | U14: =+IF(AND(V10="Cumple",V11="Cumple",V12="Cumple",V13="Cumple"),"Cumple","No Cumple") -> No Cumple | W14: =+IF(AND(X10="Cumple",X11="Cumple",X12="Cumple",X13="Cumple"),"Cumple","No Cumple") -> No Cumple
B16: GRUPO | C16: No. | D16: CRITERIO | E16: VALOR | F16: PUNTAJE | G16: VALOR | H16: PUNTAJE | I16: VALOR | J16: PUNTAJE | K16: VALOR | L16: PUNTAJE | M16: VALOR | N16: PUNTAJE | O16: VALOR | P16: PUNTAJE | Q16: VALOR | R16: PUNTAJE | S16: VALOR | T16: PUNTAJE | U16: VALOR | V16: PUNTAJE | W16: VALOR | X16: PUNTAJE
B17: CRITERIOS DE SELECCIÓN | C17: 5 | D17: Experiencia en el Territorio | E17: =+IF(E18>0,E18,IF(E19>0,E19,IF(E20>0,E20,0))) -> 1 | F17: =+IF(F18>0,F18,IF(F19>0,F19,IF(F20>0,F20,0))) -> 30 | G17: =+IF(G18>0,G18,IF(G19>0,G19,IF(G20>0,G20,0))) -> 0 | H17: =+IF(H18>0,H18,IF(H19>0,H19,IF(H20>0,H20,0))) -> 0 | I17: =+IF(I18>0,I18,IF(I19>0,I19,IF(I20>0,I20,0))) -> 0 | J17: =+IF(J18>0,J18,IF(J19>0,J19,IF(J20>0,J20,0))) -> 0 | K17: =+IF(K18>0,K18,IF(K19>0,K19,IF(K20>0,K20,0))) -> 0 | L17: =+IF(L18>0,L18,IF(L19>0,L19,IF(L20>0,L20,0))) -> 0 | ... X17: =+IF(X18>0,X18,IF(X19>0,X19,IF(X20>0,X20,0))) -> 0
C18: 5-M | D18: Municipal | E18: =+SUM(DATOS!L19:'DATOS'!L34) -> 1 | F18: =+IFERROR(E18*30/(COUNTA(DATOS!F19:F34)),0) -> 30 | G18: =+SUM(DATOS!L71:'DATOS'!L86) -> 0 | H18: =+IFERROR(G18*30/(COUNTA(DATOS!F71:F86)),0) -> 0 | I18: =+SUM(DATOS!L123:'DATOS'!L138) -> 0 | J18: =+IFERROR(I18*30/(COUNTA(DATOS!F123:F138)),0) -> 0 | K18: =+SUM(DATOS!L175:'DATOS'!L190) -> 0 | L18: =+IFERROR(K18*30/(COUNTA(DATOS!F175:F190)),0) -> 0 | M18: =+SUM(DATOS!L227:'DATOS'!L242) -> 0 | N18: =+IFERROR(M18*30/(COUNTA(DATOS!F227:F242)),0) -> 0 | O18: =+SUM(DATOS!L279:'DATOS'!L294) -> 0 | P18: =+IFERROR(O18*30/(COUNTA(DATOS!F279:F294)),0) -> 0 | Q18: =+SUM(DATOS!L331:'DATOS'!L346) -> 0 | R18: =+IFERROR(Q18*30/(COUNTA(DATOS!F331:F346)),0) -> 0 | S18: =+SUM(DATOS!L383:'DATOS'!L398) -> 0 | T18: =+IFERROR(S18*30/(COUNTA(DATOS!F383:F398)),0) -> 0 | U18: =+SUM(DATOS!L435:'DATOS'!L450) -> 0 | V18: =+IFERROR(U18*30/(COUNTA(DATOS!F435:F450)),0) -> 0 | W18: =+SUM(DATOS!L487:'DATOS'!L502) -> 0 | X18: =+IFERROR(W18*30/(COUNTA(DATOS!F487:F502)),0) -> 0
C19: 5-D | D19: Departamental | E19: =+DATOS!L35 -> 0 | F19: =+IF(E19>15,15,E19) -> 0 | G19: =+DATOS!L87 -> 0 | H19: =+IF(G19>15,15,G19) -> 0 | I19: =+DATOS!L139 -> 0 | J19: =+IF(I19>15,15,I19) -> 0 | K19: =+DATOS!L191 -> 0 | L19: =+IF(K19>15,15,K19) -> 0 | M19: =+DATOS!L243 -> 0 | N19: =+IF(M19>15,15,M19) -> 0 | O19: =+DATOS!L295 -> 0 | P19: =+IF(O19>15,15,O19) -> 0 | Q19: =+DATOS!L347 -> 0 | R19: =+IF(Q19>15,15,Q19) -> 0 | S19: =+DATOS!L399 -> 0 | T19: =+IF(S19>15,15,S19) -> 0 | U19: =+DATOS!L451 -> 0 | V19: =+IF(U19>15,15,U19) -> 0 | W19: =+DATOS!L503 -> 0 | X19: =+IF(W19>15,15,W19) -> 0
C20: 5-N | D20: Nacional | E20: =+DATOS!L36 -> 0 | F20: =+IF(E20>5,5,E20) -> 0 | G20: =+DATOS!L88 -> 0 | H20: =+IF(G20>5,5,G20) -> 0 | I20: =+DATOS!L140 -> 0 | J20: =+IF(I20>5,5,I20) -> 0 | K20: =+DATOS!L192 -> 0 | L20: =+IF(K20>5,5,K20) -> 0 | M20: =+DATOS!L244 -> 0 | N20: =+IF(M20>5,5,M20) -> 0 | O20: =+DATOS!L296 -> 0 | P20: =+IF(O20>5,5,O20) -> 0 | Q20: =+DATOS!L348 -> 0 | R20: =+IF(Q20>5,5,Q20) -> 0 | S20: =+DATOS!L400 -> 0 | T20: =+IF(S20>5,5,S20) -> 0 | U20: =+DATOS!L452 -> 0 | V20: =+IF(U20>5,5,U20) -> 0 | W20: =+DATOS!L504 -> 0 | X20: =+IF(W20>5,5,W20) -> 0
C21: 6 | D21: Experiencia Territorial Adicional | E21: =+IF(E22>0,E22,IF(E23>0,E23,IF(E24>0,E24,0))) -> 33 | F21: =+IF(F22>0,F22,IF(F23>0,F23,IF(F24>0,F24,0))) -> 30 | G21: =+IF(G22>0,G22,IF(G23>0,G23,IF(G24>0,G24,0))) -> 0 | H21: =+IF(H22>0,H22,IF(H23>0,H23,IF(H24>0,H24,0))) -> 0 | I21: =+IF(I22>0,I22,IF(I23>0,I23,IF(I24>0,I24,0))) -> 0 | J21: =+IF(J22>0,J22,IF(J23>0,J23,IF(J24>0,J24,0))) -> 0 | K21: =+IF(K22>0,K22,IF(K23>0,K23,IF(K24>0,K24,0))) -> 0 | L21: =+IF(L22>0,L22,IF(L23>0,L23,IF(L24>0,L24,0))) -> 0 | ... X21: =+IF(X22>0,X22,IF(X23>0,X23,IF(X24>0,X24,0))) -> 0
C22: 6-M | D22: Municipal | E22: =+SUM(DATOS!L37:'DATOS'!L52) -> 33 | F22: =+IFERROR(((E22*0.3/MAX(E22,G22,I22,K22,M22,O22,Q22,S22,U22,W22))*100),0) -> 30 | G22: =+SUM(DATOS!L89:'DATOS'!L104) -> 0 | H22: =+IFERROR(((G22*0.3/MAX(E22,G22,I22,K22,M22,O22,Q22,S22,U22,W22))*100),0) -> 0 | I22: =+SUM(DATOS!L141:'DATOS'!L156) -> 0 | J22: =+IFERROR(((I22*0.3/MAX(E22,G22,I22,K22,M22,O22,Q22,S22,U22,W22))*100),0) -> 0 | K22: =+SUM(DATOS!L193:'DATOS'!L208) -> 0 | L22: =+IFERROR(((K22*0.3/MAX(E22,G22,I22,K22,M22,O22,Q22,S22,U22,W22))*100),0) -> 0 | M22: =+SUM(DATOS!L245:'DATOS'!L260) -> 0 | N22: =+IFERROR(((M22*0.3/MAX(E22,G22,I22,K22,M22,O22,Q22,S22,U22,W22))*100),0) -> 0 | O22: =+SUM(DATOS!L297:'DATOS'!L312) -> 0 | P22: =+IFERROR(((O22*0.3/MAX(E22,G22,I22,K22,M22,O22,Q22,S22,U22,W22))*100),0) -> 0 | Q22: =+SUM(DATOS!L349:'DATOS'!L364) -> 0 | R22: =+IFERROR(((Q22*0.3/MAX(E22,G22,I22,K22,M22,O22,Q22,S22,U22,W22))*100),0) -> 0 | S22: =+SUM(DATOS!L401:'DATOS'!L416) -> 0 | T22: =+IFERROR(((S22*0.3/MAX(E22,G22,I22,K22,M22,O22,Q22,S22,U22,W22))*100),0) -> 0 | U22: =+SUM(DATOS!L453:'DATOS'!L468) -> 0 | V22: =+IFERROR(((U22*0.3/MAX(E22,G22,I22,K22,M22,O22,Q22,S22,U22,W22))*100),0) -> 0 | W22: =+SUM(DATOS!L505:'DATOS'!L520) -> 0 | X22: =+IFERROR(((W22*0.3/MAX(E22,G22,I22,K22,M22,O22,Q22,S22,U22,W22))*100),0) -> 0
C23: 6-D | D23: Departamental | E23: =+DATOS!L53 -> 0 | F23: =+IFERROR(((E23*0.15/MAX(E23,G23,I23,K23,M23,O23,Q23,S23,U23,W23))*100),0) -> 0 | G23: =+DATOS!L105 -> 0 | H23: =+IFERROR(((G23*0.15/MAX(E23,G23,I23,K23,M23,O23,Q23,S23,U23,W23))*100),0) -> 0 | I23: =+DATOS!L157 -> 0 | J23: =+IFERROR(((I23*0.15/MAX(E23,G23,I23,K23,M23,O23,Q23,S23,U23,W23))*100),0) -> 0 | K23: =+DATOS!L209 -> 0 | L23: =+IFERROR(((K23*0.15/MAX(E23,G23,I23,K23,M23,O23,Q23,S23,U23,W23))*100),0) -> 0 | M23: =+DATOS!L261 -> 0 | N23: =+IFERROR(((M23*0.15/MAX(E23,G23,I23,K23,M23,O23,Q23,S23,U23,W23))*100),0) -> 0 | O23: =+DATOS!L313 -> 0 | P23: =+IFERROR(((O23*0.15/MAX(E23,G23,I23,K23,M23,O23,Q23,S23,U23,W23))*100),0) -> 0 | Q23: =+DATOS!L365 -> 0 | R23: =+IFERROR(((Q23*0.15/MAX(E23,G23,I23,K23,M23,O23,Q23,S23,U23,W23))*100),0) -> 0 | S23: =+DATOS!L417 -> 0 | T23: =+IFERROR(((S23*0.15/MAX(E23,G23,I23,K23,M23,O23,Q23,S23,U23,W23))*100),0) -> 0 | U23: =+DATOS!L469 -> 0 | V23: =+IFERROR(((U23*0.15/MAX(E23,G23,I23,K23,M23,O23,Q23,S23,U23,W23))*100),0) -> 0 | W23: =+DATOS!L521 -> 0 | X23: =+IFERROR(((W23*0.15/MAX(E23,G23,I23,K23,M23,O23,Q23,S23,U23,W23))*100),0) -> 0
C24: 6-N | D24: Nacional | E24: =+DATOS!L54 -> 0 | F24: =+IFERROR(((E24*0.05/MAX(E24,G24,I24,K24,M24,O24,Q24,S24,U24,W24))*100),0) -> 0 | G24: =+DATOS!L106 -> 0 | H24: =+IFERROR(((G24*0.05/MAX(E24,G24,I24,K24,M24,O24,Q24,S24,U24,W24))*100),0) -> 0 | I24: =+DATOS!L158 -> 0 | J24: =+IFERROR(((I24*0.05/MAX(E24,G24,I24,K24,M24,O24,Q24,S24,U24,W24))*100),0) -> 0 | K24: =+DATOS!L210 -> 0 | L24: =+IFERROR(((K24*0.05/MAX(E24,G24,I24,K24,M24,O24,Q24,S24,U24,W24))*100),0) -> 0 | M24: =+DATOS!L262 -> 0 | N24: =+IFERROR(((M24*0.05/MAX(E24,G24,I24,K24,M24,O24,Q24,S24,U24,W24))*100),0) -> 0 | O24: =+DATOS!L314 -> 0 | P24: =+IFERROR(((O24*0.05/MAX(E24,G24,I24,K24,M24,O24,Q24,S24,U24,W24))*100),0) -> 0 | Q24: =+DATOS!L366 -> 0 | R24: =+IFERROR(((Q24*0.05/MAX(E24,G24,I24,K24,M24,O24,Q24,S24,U24,W24))*100),0) -> 0 | S24: =+DATOS!L418 -> 0 | T24: =+IFERROR(((S24*0.05/MAX(E24,G24,I24,K24,M24,O24,Q24,S24,U24,W24))*100),0) -> 0 | U24: =+DATOS!L470 -> 0 | V24: =+IFERROR(((U24*0.05/MAX(E24,G24,I24,K24,M24,O24,Q24,S24,U24,W24))*100),0) -> 0 | W24: =+DATOS!L522 -> 0 | X24: =+IFERROR(((W24*0.05/MAX(E24,G24,I24,K24,M24,O24,Q24,S24,U24,W24))*100),0) -> 0
C25: 7 | D25: Contrapartida | E25: =+DATOS!L59 -> 0 | F25: =+IFERROR(((E25*0.2/MAX(E25,G25,I25,K25,M25,O25,Q25,S25,U25,W25))*100),0) -> 0 | G25: =+DATOS!L111 -> 0 | H25: =+IFERROR(((G25*0.2/MAX(E25,G25,I25,K25,M25,O25,Q25,S25,U25,W25))*100),0) -> 0 | I25: =+DATOS!L163 -> 0 | J25: =+IFERROR(((I25*0.2/MAX(E25,G25,I25,K25,M25,O25,Q25,S25,U25,W25))*100),0) -> 0 | K25: =+DATOS!L215 -> 0 | L25: =+IFERROR(((K25*0.2/MAX(E25,G25,I25,K25,M25,O25,Q25,S25,U25,W25))*100),0) -> 0 | M25: =+DATOS!L267 -> 0 | N25: =+IFERROR(((M25*0.2/MAX(E25,G25,I25,K25,M25,O25,Q25,S25,U25,W25))*100),0) -> 0 | O25: =+DATOS!L319 -> 0 | P25: =+IFERROR(((O25*0.2/MAX(E25,G25,I25,K25,M25,O25,Q25,S25,U25,W25))*100),0) -> 0 | Q25: =+DATOS!L371 -> 0 | R25: =+IFERROR(((Q25*0.2/MAX(E25,G25,I25,K25,M25,O25,Q25,S25,U25,W25))*100),0) -> 0 | S25: =+DATOS!L423 -> 0 | T25: =+IFERROR(((S25*0.2/MAX(E25,G25,I25,K25,M25,O25,Q25,S25,U25,W25))*100),0) -> 0 | U25: =+DATOS!L475 -> 0 | V25: =+IFERROR(((U25*0.2/MAX(E25,G25,I25,K25,M25,O25,Q25,S25,U25,W25))*100),0) -> 0 | W25: =+DATOS!L527 -> 0 | X25: =+IFERROR(((W25*0.2/MAX(E25,G25,I25,K25,M25,O25,Q25,S25,U25,W25))*100),0) -> 0
C26: 8-A | D26: Trayectoria | E26: =+DATOS!L61 -> 75.766667 | F26: =+IFERROR(((E26*0.1/MAX(E26,G26,I26,K26,M26,O26,Q26,S26,U26,W26))*100),0) -> 10 | G26: =+DATOS!L113 -> 0 | H26: =+IFERROR(((G26*0.1/MAX(E26,G26,I26,K26,M26,O26,Q26,S26,U26,W26))*100),0) -> 0 | I26: =+DATOS!L165 -> 0 | J26: =+IFERROR(((I26*0.1/MAX(E26,G26,I26,K26,M26,O26,Q26,S26,U26,W26))*100),0) -> 0 | K26: =+DATOS!L217 -> 0 | L26: =+IFERROR(((K26*0.1/MAX(E26,G26,I26,K26,M26,O26,Q26,S26,U26,W26))*100),0) -> 0 | M26: =+DATOS!L269 -> 0 | N26: =+IFERROR(((M26*0.1/MAX(E26,G26,I26,K26,M26,O26,Q26,S26,U26,W26))*100),0) -> 0 | O26: =+DATOS!L321 -> 0 | P26: =+IFERROR(((EH26*0.1/MAX(E26,G26,I26,K26,M26,O26,Q26,S26,U26,W26))*100),0) -> 0 | Q26: =+DATOS!L373 -> 0 | R26: =+IFERROR(((Q26*0.1/MAX(E26,G26,I26,K26,M26,O26,Q26,S26,U26,W26))*100),0) -> 0 | S26: =+DATOS!L425 -> 0 | T26: =+IFERROR(((S26*0.1/MAX(E26,G26,I26,K26,M26,O26,Q26,S26,U26,W26))*100),0) -> 0 | U26: =+DATOS!L477 -> 0 | V26: =+IFERROR(((U26*0.1/MAX(E26,G26,I26,K26,M26,O26,Q26,S26,U26,W26))*100),0) -> 0 | W26: =+DATOS!L529 -> 0 | X26: =+IFERROR(((W26*0.1/MAX(E26,G26,I26,K26,M26,O26,Q26,S26,U26,W26))*100),0) -> 0
C27: 8-B | D27: Sanciones | E27: =+DATOS!L18 -> 0 | F27: =+IF(OR(E8="-",E8="Revise tipo de Oferente, nombre de UT/Consorcio o integrantes"),0,IF(E27>0,0,10)) -> 10 | G27: =+DATOS!L70 -> 0 | H27: =+IF(OR(G8="-",G8="Revise tipo de Oferente, nombre de UT/Consorcio o integrantes"),0,IF(G27>0,0,10)) -> 0 | I27: =+DATOS!L122 -> 0 | J27: =+IF(OR(I8="-",I8="Revise tipo de Oferente, nombre de UT/Consorcio o integrantes"),0,IF(I27>0,0,10)) -> 0 | K27: =+DATOS!L174 -> 0 | L27: =+IF(OR(K8="-",K8="Revise tipo de Oferente, nombre de UT/Consorcio o integrantes"),0,IF(K27>0,0,10)) -> 0 | M27: =+DATOS!L226 -> 0 | N27: =+IF(OR(M8="-",M8="Revise tipo de Oferente, nombre de UT/Consorcio o integrantes"),0,IF(M27>0,0,10)) -> 0 | O27: =+DATOS!L278 -> 0 | P27: =+IF(OR(O8="-",O8="Revise tipo de Oferente, nombre de UT/Consorcio o integrantes"),0,IF(O27>0,0,10)) -> 0 | Q27: =+DATOS!L330 -> 0 | R27: =+IF(OR(Q8="-",Q8="Revise tipo de Oferente, nombre de UT/Consorcio o integrantes"),0,IF(Q27>0,0,10)) -> 0 | S27: =+DATOS!L382 -> 0 | T27: =+IF(OR(S8="-",S8="Revise tipo de Oferente, nombre de UT/Consorcio o integrantes"),0,IF(S27>0,0,10)) -> 0 | U27: =+DATOS!L434 -> 0 | V27: =+IF(OR(U8="-",U8="Revise tipo de Oferente, nombre de UT/Consorcio o integrantes"),0,IF(U27>0,0,10)) -> 0 | W27: =+DATOS!L486 -> 0 | X27: =+IF(OR(W8="-",W8="Revise tipo de Oferente, nombre de UT/Consorcio o integrantes"),0,IF(W27>0,0,10)) -> 0
B28: PUNTAJE | E28: =+F17+F21+F25+F26+F27 -> 80 | G28: =+H17+H21+H25+H26+H27 -> 0 | I28: =+J17+J21+J25+J26+J27 -> 0 | K28: =+L17+L21+L25+L26+L27 -> 0 | M28: =+N17+N21+N25+N26+N27 -> 0 | O28: =+P17+P21+P25+P26+P27 -> 0 | Q28: =+R17+R21+R25+R26+R27 -> 0 | S28: =+T17+T21+T25+T26+T27 -> 0 | U28: =+V17+V21+V25+V26+V27 -> 0 | W28: =+X17+X21+X25+X26+X27 -> 0
B30: CRITERIOS DE DESEMPATE | C30: 9 | D30: Valor técnico agregado - VTA | E30: =+DATOS!L60 -> 0.03 | G30: =+DATOS!L112 -> 0 | I30: =+DATOS!L164 -> 0 | K30: =+DATOS!L216 -> 0 | M30: =+DATOS!L268 -> 0 | O30: =+DATOS!L320 -> 0 | Q30: =+DATOS!L372 -> 0 | S30: =+DATOS!L424 -> 0 | U30: =+DATOS!L476 -> 0 | W30: =+DATOS!L528 -> 0
C31: 10 | D31: Discapacidad | E31: =IF(DATOS!L58="Si","Cumple","No Cumple") -> No Cumple | G31: =IF(DATOS!L110="Si","Cumple","No Cumple") -> No Cumple | I31: =IF(DATOS!L162="Si","Cumple","No Cumple") -> No Cumple | K31: =IF(DATOS!L214="Si","Cumple","No Cumple") -> No Cumple | M31: =IF(DATOS!L266="Si","Cumple","No Cumple") -> No Cumple | O31: =IF(DATOS!L318="Si","Cumple","No Cumple") -> No Cumple | Q31: =IF(DATOS!L370="Si","Cumple","No Cumple") -> No Cumple | S31: =IF(DATOS!L422="Si","Cumple","No Cumple") -> No Cumple | U31: =IF(DATOS!L474="Si","Cumple","No Cumple") -> No Cumple | W31: =IF(DATOS!L526="Si","Cumple","No Cumple") -> No Cumple
C32: 11 | D32: Sorteo

Sheet LISTAS
A1: Si/No | B1: OFERENTE | C1: NOMBRE REGIONAL | D1: Si/No/NA
A2: Si | B2: Singular | C2: AMAZONAS | D2: Si
A3: No | B3: Plural | C3: ANTIOQUIA | D3: No
C4: ARAUCA | D4: N/A
C5: ATLÁNTICO
C6: BOGOTÁ_D.C.
C7: BOLÍVAR
C8: BOYACÁ
C9: CALDAS
C10: CAQUETÁ
C11: CASANARE
C12: CAUCA
C13: CESAR
C14: CHOCÓ
C15: CÓRDOBA
C16: CUNDINAMARCA
... C35: NACIONAL

Sheet EAS
A1: NIT | B1: EAS | C1: CO SMMLV | D1: TIPO EAS | E1: IDEAS Nov-06 | F1: SANCIÓN OAC | G1: SANCIÓN CONTRATOS | H1: TOTAL SANCIONES | I1: BNOPI Oct-13
A2: 800003529 | B2: ASOCIACIÓN DE PADRES DE FAMILIA DEL HOGAR INFANTIL EL PATOSO | C2: 820 | D2: ASOCIACIÓN | E2: Sobresaliente | H2: =+IF(F2>0,F2,IF(G2>0,G2,"")) | I2: 800003529
A3: 800009090 | B3: FUNDACIÓN LAS GOLONDRINAS | C3: 100000000 | D3: FUNDACION | E3: Sobresaliente | H3: =+IF(F3>0,F3,IF(G3>0,G3,"")) | I3: 800009090
A4: 800010537 | B4: ASOCIACIÓN DE PADRES DE FAMILIA Y VECINOS HOGAR INFANTIL SAN PEDRO CLAVER | C4: 820 | D4: ASOCIACIÓN | E4: Sobresaliente | H4: =+IF(F4>0,F4,IF(G4>0,G4,"")) | I4: 800010537
A5: 800012645 | B5: DIOCESIS DE FLORENCIA | C5: 100000000 | D5: ORGANIZACIÓN RELIGIOSA | E5: Sobresaliente | H5: =+IF(F5>0,F5,IF(G5>0,G5,"")) | I5: 800012645
A6: 800013066 | B6: ASOCIACIÓN DE PADRES DE FAMILIA Y VECINOS DEL HOGAR INFANTIL SAN JOSE DEL FRAGUA | C6: 820 | D6: ASOCIACIÓN | E6: Sobresaliente | H6: =+IF(F6>0,F6,IF(G6>0,G6,"")) | I6: 800013066
A7: 800013945 | B7: ASOCIACIÓN DE PADRES DE FAMILIA DE LOS NIÑOS USUARIOS DEL HOGAR INFANTIL SONRISITAS | C7: 820 | D7: ASOCIACIÓN | E7: Sobresaliente | H7: =+IF(F7>0,F7,IF(G7>0,G7,"")) | I7: 800013945
A8: 800014727 | B8: ASOCIACIÓN DE PADRES DE FAMILIA DE LOS NIÑOS USUARIOS DEL HOGAR INFANTIL EL TIGRILLO | C8: 820 | D8: ASOCIACIÓN | E8: Sobresaliente | H8: =+IF(F8>0,F8,IF(G8>0,G8,"")) | I8: 800014727
A9: 800016947 | B9: HOGAR INFANTIL EL ARADO | C9: 820 | D9: HOGAR INFANTIL | E9: Sobresaliente | H9: =+IF(F9>0,F9,IF(G9>0,G9,"")) | I9: 800016947
A10: 800019459 | B10: ASOCIACIÓN DE PADRES DE FAMILIA HOGAR INFANTIL LOS CARACOLES | C10: 820 | D10: ASOCIACIÓN | E10: Sobresaliente | H10: =+IF(F10>0,F10,IF(G10>0,G10,"")) | I10: 800019459
A11: 800035550 | B11: ASOCIACIÓN DE PADRES USUARIOS, OTRAS MODALIDADES DE ATENCIÓN A PRIMERA INFANCIA Y MADRES COMUNITARIAS VIVIR EL FUTURO | C11: 820 | D11: ASOCIACIÓN | E11: Nueva EAS | H11: =+IF(F11>0,F11,IF(G11>0,G11,"")) | I11: 800035550
A12: 800038563 | B12: ASOCIACIÓN DE PADRES USUARIOS, OTRAS MODALIDADES DE ATENCION A PRIMERA INFANCIA Y MADRES COMUNITARIAS EL FUTURO DEL NIÑO | C12: 4935 | D12: ASOCIACIÓN | E12: Bueno | H12: =+IF(F12>0,F12,IF(G12>0,G12,"")) | I12: 800038563
A13: 800039840 | B13: ASOCIACIÓN DE USUARIOS DEL PROGRAMA HOGARES DE BIENESTAR "FUTURAS ESTRELLITAS" | C13: 820 | D13: ASOCIACIÓN | E13: Nueva EAS | H13: =+IF(F13>0,F13,IF(G13>0,G13,"")) | I13: 800039840
... A31: 800054940 | B31: ONG GRUPO CANTATIERRA | C31: 4935 | D31: ONG | E31: Nueva EAS | H31: =+IF(F31>0,F31,IF(G31>0,G31,"")) | I31: 800054940
A32: 800055169 | B32: COOPERATIVA MULTIACTIVA DE SAN ANTONIO DE PRADO | C32: 100000000 | D32: COOPERATIVA | E32: Sobresaliente | F32: 43742 | H32: =+IF(F32>0,F32,IF(G32>0,G32,"")) -> 43742 | I32: 800055169
A33: 800055599 | B33: FUNDACION APOYAR FUNDAP | C33: 100000000 | D33: FUNDACION | E33: Nueva EAS | H33: =+IF(F33>0,F33,IF(G33>0,G33,"")) | I33: 800055599
A34: 800055759 | B34: ASOCIACIÓN DE PADRES DE HOGARES DE BIENESTAR MARROQUIN 2 NORTE A | C34: 820 | D34: ASOCIACIÓN | E34: Sobresaliente | H34: =+IF(F34>0,F34,IF(G34>0,G34,"")) | I34: 800055759
A35: 800055833 | B35: ASOCIACIÓN DE HOGARES DE BIENESTAR FAMILIAR SECTOR LOS CHORROS | C35: 820 | D35: ASOCIACIÓN | E35: Sobresaliente | H35: =+IF(F35>0,F35,IF(G35>0,G35,"")) | I35: 800055833
A36: 800056230 | B36: ASOCIACIÓN DE HOGARES DE BIENESTAR MARROQUIN 2 CENTRO 2 | C36: 820 | D36: ASOCIACIÓN | E36: Sobresaliente | H36: =+IF(F36>0,F36,IF(G36>0,G36,"")) | I36: 800056230
A37: 800058000 | B37: ASOCIACIÓN DE PADRES HOGARES DE BIENESTAR COMUNEROS 1 GRUPO 3 | C37: 820 | D37: ASOCIACIÓN | E37: Sobresaliente | H37: =+IF(F37>0,F37,IF(G37>0,G37,"")) | I37: 800058000
A38: 800058286 | B38: ASOCIACIÓN DE HOGARES DE BIENESTAR COMUNEROS IV GRUPO I | C38: 820 | D38: ASOCIACIÓN | E38: Sobresaliente | H38: =+IF(F38>0,F38,IF(G38>0,G38,"")) | I38: 800058286
A39: 800058652 | B39: ASOCIACIÓN DE PADRES DE HOGARES DE BIENESTAR FRANCISCO ANTONIO ZEA | C39: 4935 | D39: ASOCIACIÓN | E39: Aceptable | H39: =+IF(F39>0,F39,IF(G39>0,G39,"")) | I39: 800058652
A40: 800059552 | B40: ASOCIACIÓN DE PADRES USUARIOS, OTRAS MODALIDADES DE ATENCIÓN A PRIMERA INFANCIA Y MADRES COMUNITARIAS VEGAS DEL PARQUE | C40: 820 | D40: ASOCIACIÓN | E40: Nueva EAS | H40: =+IF(F40>0,F40,IF(G40>0,G40,"")) | I40: 800059552
A41: 800059782 | B41: ASOCIACIÓN DE HOGARES DE BIENESTAR SECTOR BUENOS AIRES | C41: 820 | D41: ASOCIACIÓN | E41: Sobresaliente | H41: =+IF(F41>0,F41,IF(G41>0,G41,"")) | I41: 800059782
A42: 800060957 | B42: ASOCIACIÓN DE PADRES DE FAMILIA HOGARES DE BIENESTAR BARRIO CANAIMA | C42: 820 | D42: ASOCIACIÓN | E42: Sobresaliente | H42: =+IF(F42>0,F42,IF(G42>0,G42,"")) | I42: 800060957
A43: 800060961 | B43: ASOCIACIÓN DE USUARIOS DEL PROGRAMA HOGARES DE BIENESTAR DEL BARRIO BUENAVISTA | C43: 820 | D43: ASOCIACIÓN | E43: Sobresaliente | H43: =+IF(F43>0,F43,IF(G43>0,G43,"")) | I43: 800060961
A44: 800061412 | B44: ASOCIACIÓN DE USUARIOS DEL PROGRAMA HOGARES DE BIENESTAR NUESTRO FUTURO | C44: 820 | D44: ASOCIACIÓN | E44: Sobresaliente | H44: =+IF(F44>0,F44,IF(G44>0,G44,"")) | I44: 800061412
... A114: 800080296 | B114: ASOCIACIÓN DE PADRES USUARIOS DE HOGARES DE BIENESTAR MIS PRIMEROS AMIGOS | C114: 820 | D114: ASOCIACIÓN | E114: Sobresaliente | H114: =+IF(F114>0,F114,IF(G114>0,G114,"")) | I114: 800080296
A115: 800080321 | B115: ASOCIACIÓN DE PADRES DE HOGARES DE BIENESTAR PROTECCIÓN AL MENOR | C115: 820 | D115: ASOCIACIÓN | E115: Sobresaliente | F115: 43886 | H115: =+IF(F115>0,F115,IF(G115>0,G115,"")) -> 43886 | I115: 800080321
A116: 800081245 | B116: ASOCIACIÓN DE USUARIOS DEL PROGRAMA HOGARES DE BIENESTAR DEL BARRIO SAN CARLOS | C116: 820 | D116: ASOCIACIÓN | E116: Sobresaliente | H116: =+IF(F116>0,F116,IF(G116>0,G116,"")) | I116: 800081245
A117: 800082581 | B117: ASOCIACIÓN DE USUARIOS DEL PROGRAMA HOGARES DE BIENESTAR CLASICO MUNDO DE LOS NIÑOS SECTOR CLASS | C117: 820 | D117: ASOCIACIÓN | E117: Sobresaliente | H117: =+IF(F117>0,F117,IF(G117>0,G117,"")) | I117: 800082581
A118: 800085411 | B118: CLUB ACTIVO 20 30 DE MANIZALES | C118: 820 | D118: CLUB | E118: Sobresaliente | H118: =+IF(F118>0,F118,IF(G118>0,G118,"")) | I118: 800085411
A119: 800086963 | B119: ASOCIACIÓN DE PADRES Y VECINOS DEL HOGAR INFANTIL LUNITA CLARA | C119: 820 | D119: ASOCIACIÓN | E119: Sobresaliente | H119: =+IF(F119>0,F119,IF(G119>0,G119,"")) | I119: 800086963
A120: 800087196 | B120: ASOCIACIÓN DE PADRES DE FAMILIA DE LOS NIÑOS USUARIOS DEL HOGAR INFANTIL CAPULLOS | C120: 820 | D120: ASOCIACIÓN | E120: Sobresaliente | H120: =+IF(F120>0,F120,IF(G120>0,G120,"")) | I120: 800087196
A121: 800087476 | B121: ASOCIACIÓN DE PADRES HOGAR INFANTIL ROSITA | C121: 820 | D121: ASOCIACIÓN | E121: Sobresaliente | H121: =+IF(F121>0,F121,IF(G121>0,G121,"")) | I121: 800087476
A122: 800087648 | B122: ASOCIACIÓN DE PADRES DE FAMILIA DE LOS NIÑOS USUARIOS DEL HOGAR INFANTIL CARACOLITO | C122: 820 | D122: ASOCIACIÓN | E122: Sobresaliente | H122: =+IF(F122>0,F122,IF(G122>0,G122,"")) | I122: 800087648
A123: 800087713 | B123: ASOCIACIÓN DE PADRES DE FAMILIA DE LOS NIÑOS USUARIOS DEL HOGAR INFANTIL LA FLORIDA | C123: 1640 | D123: ASOCIACIÓN | E123: Sobresaliente | H123: =+IF(F123>0,F123,IF(G123>0,G123,"")) | I123: 800087713
A124: 800088412 | B124: ASOCIACIÓN DE PADRES DE FAMILIA DEL HOGAR INFANTIL EL CARMEN DE TUNJA | C124: 820 | D124: ASOCIACIÓN | E124: Sobresaliente | H124: =+IF(F124>0,F124,IF(G124>0,G124,"")) | I124: 800088412
A125: 800092253 | B125: ASOCIACIÓN DE PADRES DE FAMILIA DE LOS NIÑOS USUARIOS DEL HOGAR INFANTIL EL ENSUEÑO | C125: 4935 | D125: ASOCIACIÓN | E125: Sobresaliente | H125: =+IF(F125>0,F125,IF(G125>0,G125,"")) | I125: 800092253
A126: 800093263 | B126: ASOCIACIÓN DE PADRES USUARIOS DE HOGARES DE BIENESTAR EL SUEÑO DE GREGORY | C126: 820 | D126: ASOCIACIÓN | E126: Sobresaliente | H126: =+IF(F126>0,F126,IF(G126>0,G126,"")) | I126: 800093263
A127: 800093820 | B127: ASOCIACIÓN DE PADRES DE FAMILIA DE LOS NIÑOS USUARIOS DEL HOGAR INFANTIL EL RETORNO | C127: 820 | D127: ASOCIACIÓN | E127: Sobresaliente | H127: =+IF(F127>0,F127,IF(G127>0,G127,"")) | I127: 800093820
... A160: 800116835 | B160: CAMARA JUNIOR DE COLOMBIA CAPITULOWAYMA | C160: 24676 | D160: ORGANIZACIÓN INDÍGENA | E160: Sobresaliente | H160: =+IF(F160>0,F160,IF(G160>0,G160,"")) | I160: 800116835
A161: 800117426 | B161: ASOCIACIÓN DE PADRES DE FAMILIA DEL HOGAR INFANTIL PERIQUITA DEL MUNICIPIO DE IBAGUÉ DEPARTAMENTO DEL TOLIMA | C161: 820 | D161: ASOCIACIÓN | E161: Nueva EAS | F161: 43796 | H161: =+IF(F161>0,F161,IF(G161>0,G161,"")) -> 43796 | I161: 800117426
A162: 800118783 | B162: HOGAR INFANTIL PEQUEÑINES | C162: 1640 | D162: HOGAR INFANTIL | E162: Sobresaliente | H162: =+IF(F162>0,F162,IF(G162>0,G162,"")) | I162: 800118783
A163: 800121219 | B163: ASOCIACIÓN DE PADRES DE FAMILIA DE LOS NIÑOS USUARIOS DEL HOGAR INFANTIL JOSE MARIA OSORIO | C163: 820 | D163: ASOCIACIÓN | E163: Sobresaliente | H163: =+IF(F163>0,F163,IF(G163>0,G163,"")) | I163: 800121219
A164: 800122280 | B164: ASOCIACIÓN DE PADRES DE FAMILIA DEL HOGAR INFANTIL JOSE RAQUEL MERCADO | C164: 820 | D164: ASOCIACIÓN | E164: Sobresaliente | H164: =+IF(F164>0,F164,IF(G164>0,G164,"")) | I164: 800122280
A165: 800124288 | B165: ASOCIACIÓN DE PADRES USUARIOS DE LOS HOGARES DE BIENESTAR BRISAS DE BUENAVISTA | C165: 820 | D165: ASOCIACIÓN | E165: Sobresaliente | H165: =+IF(F165>0,F165,IF(G165>0,G165,"")) | I165: 800124288
A166: 800127513 | B166: ASOCIACIÓN DE PADRES DEL HOGAR INFANTIL CUMARAL DOS | C166: 1640 | D166: ASOCIACIÓN | E166: Sobresaliente | H166: =+IF(F166>0,F166,IF(G166>0,G166,"")) | I166: 800127513
A167: 800130076 | B167: ASOCIACIÓN DE PADRES USUARIOS DE LOS HOGARES COMUNITARIOS DE BIENESTAR FAMILIAR, OTRAS MODALIDADES DE ATENCIÓN A LA PRIMERA INFANCIA Y MADRES COMUNITARIAS DEL SECTOR NUMERO 4 DEL MUNICIPIO DE CHIQUINQUIRA | C167: 820 | D167: ASOCIACIÓN | E167: Sobresaliente | H167: =+IF(F167>0,F167,IF(G167>0,G167,"")) | I167: 800130076
A168: 800130656 | B168: ASOCIACIÓN DE PADRES DE FAMILIA HOGAR INFANTIL COPETIN DEL MUNICIPIO DE IBAGUE DEPARTAMENTO DEL TOLIMA | C168: 1640 | D168: ASOCIACIÓN | E168: Sobresaliente | H168: =+IF(F168>0,F168,IF(G168>0,G168,"")) | I168: 800130656
A169: 800131127 | B169: ASOCIACIÓN DE PADRES USUARIOS DE LOS HOGARES COMUNITARIOS DE BIENESTAR FAMILIAR ,OTRAS MODALIDADES DE ATENCION A LA PRIMERA INFANCIA Y MADRES COMUNITARIAS DEL SECTOR SAN LAZARO DEL MUNICIPIO DE TUNJA | C169: 820 | D169: ASOCIACIÓN | E169: Sobresaliente | H169: =+IF(F169>0,F169,IF(G169>0,G169,"")) | I169: 800131127
A170: 800136110 | B170: ASOCIACIÓN DE PADRES DE HOGARES DE BIENESTAR LA GLORIA SEGUNDO SECTOR | C170: 820 | D170: ASOCIACIÓN | E170: Sobresaliente | H170: =+IF(F170>0,F170,IF(G170>0,G170,"")) | I170: 800136110
A171: 800136151 | B171: ASOCIACIÓN PADRES DE HOGARES COMUNITARIOS DE BIENESTAR BARRIO SANTA ANA | C171: 820 | D171: ASOCIACIÓN | E171: Sobresaliente | H171: =+IF(F171>0,F171,IF(G171>0,G171,"")) | I171: 800136151
A172: 800136154 | B172: ASOCIACIÓN DE PADRES DE HOGARES COMUNITARIOS DE BIENESTAR BARRIO SAN MATEO | C172: 820 | D172: ASOCIACIÓN | E172: Sobresaliente | H172: =+IF(F172>0,F172,IF(G172>0,G172,"")) | I172: 800136154
A173: 800136193 | B173: ASOCIACIÓN DE PADRES DE FAMILIA DE HOGARES COMUNITARIOS DE BIENESTAR SECTOR PATRIOTA Y OTROS DEL MUNICIPIO DE TUNJA | C173: 1640 | D173: ASOCIACIÓN | E173: Sobresaliente | H173: =+IF(F173>0,F173,IF(G173>0,G173,"")) | I173: 800136193
... A408: 800242982 | B408: ASOCIACIÓN DE PADRES DE FAMILIA DE LOS HOGARES DE BIENESTAR LA INMACULADA DE SOLEDAD | C408: 820 | D408: ASOCIACIÓN | E408: Sobresaliente | H408: =+IF(F408>0,F408,IF(G408>0,G408,"")) | I408: 800242982
A409: 800243968 | B409: ASOCIACIÓN DE PADRES DE FAMILIA HOGAR INFANTIL CARRUSEL DE LA ALEGRIA | C409: 1640 | D409: ASOCIACIÓN | E409: Nueva EAS | G409: 44019 | H409: =+IF(F409>0,F409,IF(G409>0,G409,"")) -> 44019 | I409: 800243968
A410: 800244435 | B410: ASOCIACIÓN DE PADRES DE FAMILIA DE LOS HOGARES DE BIENESTAR JUNTOS POR EL FUTURO DE NUESTROS NIÑOS | C410: 820 | D410: ASOCIACIÓN | E410: Sobresaliente | H410: =+IF(F410>0,F410,IF(G410>0,G410,"")) | I410: 800244435
A411: 800244625 | B411: ASOCIACIÓN DE PADRES DE FAMILIA DE HOGARES DE BIENESTAR FAMILIAR CUCHILLA DE VILLATE | C411: 820 | D411: ASOCIACIÓN | E411: Sobresaliente | H411: =+IF(F411>0,F411,IF(G411>0,G411,"")) | I411: 800244625
A412: 800244957 | B412: ASOCIACIÓN DE USUARIOS DEL PROGRAMA HOGARES DE BIENESTAR DEL SECTOR LAURELES | C412: 820 | D412: ASOCIACIÓN | E412: Sobresaliente | H412: =+IF(F412>0,F412,IF(G412>0,G412,"")) | I412: 800244957
A413: 800245008 | B413: ASOCIACIÓN DE HOGARES COMUNITARIOS SECTOR MARIANERA DE CHIMICHAGUA TRADICIONAL | C413: 4935 | D413: ASOCIACIÓN | E413: Sobresaliente | H413: =+IF(F413>0,F413,IF(G413>0,G413,"")) | I413: 800245008
A414: 800245161 | B414: ASOCIACIÓN DE HOGARES COMUNITARIOS DEL SECTOR BARRIO ABAJO DE CHIMICHAGUA TRADICIONAL | C414: 24676 | D414: ASOCIACIÓN | E414: Sobresaliente | H414: =+IF(F414>0,F414,IF(G414>0,G414,"")) | I414: 800245161
A415: 800245188 | B415: ASOCIACIÓN DE PADRES DE FAMILIA DE LOS HOGARES DE BIENESTAR LA ALEGRÍA DE VIVIR | C415: 820 | D415: ASOCIACIÓN | E415: Sobresaliente | H415: =+IF(F415>0,F415,IF(G415>0,G415,"")) | I415: 800245188
A416: 800245705 | B416: ASOCIACIÓN DE PADRES DE FAMILIA DE LOS HOGARES DE BIENESTAR DE SAN LUIS | C416: 820 | D416: ASOCIACIÓN | E416: Sobresaliente | H416: =+IF(F416>0,F416,IF(G416>0,G416,"")) | I416: 800245705
A417: 800247921 | B417: ASOCIACIÓN DE PADRES DE FAMILIAS DEL HOGAR INFANTIL LAS MARGARITAS | C417: 820 | D417: ASOCIACIÓN | E417: Sobresaliente | H417: =+IF(F417>0,F417,IF(G417>0,G417,"")) | I417: 800247921
A418: 800248103 | B418: ASOCIACIÓN DE PADRES DE FAMILIA DEL HOGAR INFANTIL EL GATO CON BOTAS | C418: 820 | D418: ASOCIACIÓN | E418: Sobresaliente | H418: =+IF(F418>0,F418,IF(G418>0,G418,"")) | I418: 800248103
A419: 800248684 | B419: ASOCIACIÓN DE PADRES DE FAMILIA DE PALMAS DE VINO | C419: 820 | D419: ASOCIACIÓN | E419: Nueva EAS | H419: =+IF(F419>0,F419,IF(G419>0,G419,"")) | I419: 800248684
A420: 800249010 | B420: ASOCIACIÓN DE PADRES USUARIOS DE HOGARES DE BIENESTAR CARRUSEL DE LA ALEGRIA | C420: 820 | D420: ASOCIACIÓN | E420: Sobresaliente | H420: =+IF(F420>0,F420,IF(G420>0,G420,"")) | I420: 800249010
A421: 800249845 | B421: ASOCIACIÓN DE USUARIOS DE LOS PROGRAMAS DE HOGARES COMUNITARIOS DE BIENESTAR DEL MUNICIPIO DE MAJAGUAL | C421: 820 | D421: ASOCIACIÓN | E421: Bueno | H421: =+IF(F421>0,F421,IF(G421>0,G421,"")) | I421: 800249845
... A447: 802014382 | B447: FUNDACIÓN PARA EL DESARROLLO DE LAS CLASES MARGINADAS | C447: 24676 | D447: FUNDACION | E447: Nueva EAS | H447: =+IF(F447>0,F447,IF(G447>0,G447,"")) | I447: 802014382
A448: 802016669 | B448: FUNDACION POR UNA COMUNIDAD DIGNA FUNPOCODIG | C448: 24676 | D448: FUNDACION | E448: Bueno | G448: 43291 | H448: =+IF(F448>0,F448,IF(G448>0,G448,"")) -> 43291 | I448: 802016669
A449: 802016812 | B449: CORPORACION MULTISOCIAL SEMBRANDO VALORES CORMUVALORES | C449: 24676 | D449: CORPORACION | E449: Nueva EAS | H449: =+IF(F449>0,F449,IF(G449>0,G449,"")) | I449: 802016812
A450: 802018059 | B450: FUNDACION EL LIRIO DE LOS VALLES | C450: 100000000 | D450: FUNDACION | E450: Sobresaliente | H450: =+IF(F450>0,F450,IF(G450>0,G450,"")) | I450: 802018059
A451: 802018138 | B451: FUNDACION REY DAVID | C451: 24676 | D451: FUNDACION | E451: Sobresaliente | H451: =+IF(F451>0,F451,IF(G451>0,G451,"")) | I451: 802018138
A452: 802018646 | B452: FUNDACION DASEIN | C452: 4935 | D452: FUNDACION | E452: Nueva EAS | H452: =+IF(F452>0,F452,IF(G452>0,G452,"")) | I452: 802018646
A453: 802018708 | B453: FUNDACION SALUD Y BIENESTAR | C453: 100000000 | D453: FUNDACION | E453: Sobresaliente | H453: =+IF(F453>0,F453,IF(G453>0,G453,"")) | I453: 802018708
A454: 802020420 | B454: FUNDACION SEMILLAS DE PROSPERIDAD | C454: 100000000 | D454: FUNDACION | E454: Sobresaliente | H454: =+IF(F454>0,F454,IF(G454>0,G454,"")) | I454: 802020420
A455: 802021821 | B455: FUNDACION INSTITUCION ANTONIO NARIÑO | C455: 24676 | D455: FUNDACION | E455: Nueva EAS | H455: =+IF(F455>0,F455,IF(G455>0,G455,"")) | I455: 802021821
A456: 802021835 | B456: FUNDACIÓN NUEVA ERA ECOLOGICA | C456: 100000000 | D456: FUNDACION | E456: Sobresaliente | H456: =+IF(F456>0,F456,IF(G456>0,G456,"")) | I456: 802021835
A457: 802022154 | B457: CORPORACION SOCIAL LUZ Y ESPERANZA | C457: 100000000 | D457: CORPORACION | E457: Sobresaliente | H457: =+IF(F457>0,F457,IF(G457>0,G457,"")) | I457: 802022154
A458: 802022510 | B458: ASOCIACIÓN DE COLEGIOS PRIVADOS DEL ATLÁNTICO ASOCOPS | C458: 24676 | D458: ASOCIACIÓN | E458: Nueva EAS | H458: =+IF(F458>0,F458,IF(G458>0,G458,"")) | I458: 802022510
A459: 802022940 | B459: FUNDACION CONSTRUYENDO CAMINOS | C459: 100000000 | D459: FUNDACION | E459: Sobresaliente | H459: =+IF(F459>0,F459,IF(G459>0,G459,"")) | I459: 802022940
A460: 802023643 | B460: CONSTRUYENDO CIUDAD | C460: 24676 | D460: CORPORACION | E460: Nueva EAS | H460: =+IF(F460>0,F460,IF(G460>0,G460,"")) | I460: 802023643
... A482: 806001985 | B482: ASOCIACIÓN DE HOGARES COMUNITARIOS DE BIENESTAR SANTA FE | C482: 820 | D482: ASOCIACIÓN | E482: Bueno | H482: =+IF(F482>0,F482,IF(G482>0,G482,"")) | I482: 806001985
A483: 806002258 | B483: ASOCIACIÓN JUVENIL VISION FUTURA | C483: 100000000 | D483: ASOCIACIÓN | E483: Bueno | F483: 43501 | H483: =+IF(F483>0,F483,IF(G483>0,G483,"")) -> 43501 | I483: 806002258
A484: 806002698 | B484: ASOCIACIÓN DE PADRES DE FAMILIA DE HOGARES DE BIENESTAR VILLA VENECIA | C484: 820 | D484: ASOCIACIÓN | E484: Bueno | H484: =+IF(F484>0,F484,IF(G484>0,G484,"")) | I484: 806002698
A485: 806002713 | B485: ASOCIACIÓN DE PADRES DE FAMILIA HOGARES DE BIENESTAR PUERTA DE HIERRO CORELCA | C485: 820 | D485: ASOCIACIÓN | E485: Sobresaliente | H485: =+IF(F485>0,F485,IF(G485>0,G485,"")) | I485: 806002713
A486: 806002823 | B486: ASOCIACIÓN MANCOMOJAN | C486: 820 | D486: ASOCIACIÓN | E486: Bueno | H486: =+IF(F486>0,F486,IF(G486>0,G486,"")) | I486: 806002823
A487: 806003168 | B487: CORPORACION GESTION Y ACCION POR COLOMBIA | C487: 24676 | D487: CORPORACION | E487: Nueva EAS | H487: =+IF(F487>0,F487,IF(G487>0,G487,"")) | I487: 806003168
A488: 806003492 | B488: ASOCIACIÓN DE PADRES DE HOGARES COMUNITARIOS LA MANO DE DIOS | C488: 24676 | D488: ASOCIACIÓN | E488: Sobresaliente | H488: =+IF(F488>0,F488,IF(G488>0,G488,"")) | I488: 806003492
A489: 806003965 | B489: ASOCIACIÓN DE PADRES DE FAMILIA DE HOGARES COMUNITARIOS DE BIENESTAR UNIDOS POR LA VIDA | C489: 1640 | D489: ASOCIACIÓN | E489: Bueno | H489: =+IF(F489>0,F489,IF(G489>0,G489,"")) | I489: 806003965
A490: 806004301 | B490: ASOCIACIÓN DE PADRES DE HOGARES DE BIENESTAR PABLO SEXTO SEGUNDO | C490: 1640 | D490: ASOCIACIÓN | E490: Sobresaliente | H490: =+IF(F490>0,F490,IF(G490>0,G490,"")) | I490: 806004301
A491: 806004732 | B491: ASOCIACIÓN DE HOGARES COMUNITARIOS DE BIENESTAR MADALIDAD MUJERES GESTANTES, MADRES LACTANTES Y NIÑOS MENORES DE DOS AÑOS FAMI C | C491: 820 | D491: ASOCIACIÓN | E491: Sobresaliente | H491: =+IF(F491>0,F491,IF(G491>0,G491,"")) | I491: 806004732
A492: 806004769 | B492: ASOCIACIÓN DE PADRES DE HOGARES COMUNITARIOS DE BIENESTAR LA FLORIDA | C492: 1640 | D492: ASOCIACIÓN | E492: Bueno | H492: =+IF(F492>0,F492,IF(G492>0,G492,"")) | I492: 806004769
A493: 806004797 | B493: FUNDACION REMANSO DE AMOR | C493: 24676 | D493: FUNDACION | E493: Bueno | H493: =+IF(F493>0,F493,IF(G493>0,G493,"")) | I493: 806004797
A494: 806004933 | B494: ASOCIACIÓN DE PADRES DE HOGARES COMUNITARIOS DE BIENESTAR LA HEROICA | C494: 1640 | D494: ASOCIACIÓN | E494: Bajo | H494: =+IF(F494>0,F494,IF(G494>0,G494,"")) | I494: 806004933
A495: 806004938 | B495: ASOCIACIÓN DE PADRES DE FAMILIA DE HOGARES COMUNITARIOS DE BIENESTAR SAN JOSE UNIDOS | C495: 820 | D495: ASOCIACIÓN | E495: Bueno | H495: =+IF(F495>0,F495,IF(G495>0,G495,"")) | I495: 806004938
A496: 806005124 | B496: FUNDACION SOCIAL LOS ANGELES | C496: 24676 | D496: FUNDACION | E496: Nueva EAS | F496: 44062 | H496: =+IF(F496>0,F496,IF(G496>0,G496,"")) -> 44062 | I496: 806005124
A497: 806005182 | B497: ASOCIACIÓN DE HOGARES COMUNITARIOS DE BIENESTAR MUCHOS AÑOS | C497: 820 | D497: ASOCIACIÓN | E497: Bueno | H497: =+IF(F497>0,F497,IF(G497>0,G497,"")) | I497: 806005182
A498: 806005881 | B498: FUNDACION SALUD Y NUTRICION FUNDASALUD | C498: 24676 | D498: FUNDACION | E498: Sobresaliente | H498: =+IF(F498>0,F498,IF(G498>0,G498,"")) | I498: 806005881
...

Sheet ListasDpto-Mpio
A1: DEPARTAMENTO | B1: NACIONAL | C1: AMAZONAS | D1: ANTIOQUIA | E1: ARAUCA | F1: ATLÁNTICO | G1: BOGOTÁ_D.C. | H1: BOLÍVAR | I1: BOYACÁ | J1: CALDAS | K1: CAQUETÁ | L1: CASANARE | M1: CAUCA | N1: CESAR | O1: CHOCÓ | P1: CÓRDOBA | Q1: CUNDINAMARCA | R1: GUAINÍA | S1: GUAVIARE | T1: HUILA | U1: LA_GUAJIRA | V1: MAGDALENA | W1: META | X1: NARIÑO | Y1: NORTE_DE_SANTANDER | Z1: PUTUMAYO | AA1: QUINDÍO | AB1: RISARALDA | AC1: SAN_ANDRÉS_Y_PROVIDENCIA | AD1: SANTANDER | AE1: SUCRE | AF1: TOLIMA | AG1: VALLE_DEL_CAUCA | AH1: VAUPÉS | AI1: VICHADA
B2: NACIONAL | C2: AMAZONAS (DP) | D2: ANTIOQUIA (DP) | E2: ARAUCA (DP) | F2: ATLÁNTICO (DP) | G2: BOGOTÁ D.C. (DP) | H2: BOLÍVAR (DP) | I2: BOYACÁ (DP) | J2: CALDAS (DP) | K2: CAQUETÁ (DP) | L2: CASANARE (DP) | M2: CAUCA (DP) | N2: CESAR (DP) | O2: CHOCÓ (DP) | P2: CÓRDOBA (DP) | Q2: CUNDINAMARCA (DP) | R2: GUAINÍA (DP) | S2: GUAVIARE (DP) | T2: HUILA (DP) | U2: LA GUAJIRA (DP) | V2: MAGDALENA (DP) | W2: META (DP) | X2: NARIÑO (DP) | Y2: NORTE DE SANTANDER (DP) | Z2: PUTUMAYO (DP) | AA2: QUINDÍO (DP) | AB2: RISARALDA (DP) | AC2: SAN ANDRÉS Y PROVIDENCIA (DP) | AD2: SANTANDER (DP) | AE2: SUCRE (DP) | AF2: TOLIMA (DP) | AG2: VALLE DEL CAUCA (DP) | AH2: VAUPÉS (DP) | AI2: VICHADA (DP)
A3: AMAZONAS | C3: EL ENCANTO | D3: ABEJORRAL | E3: ARAUCA | F3: BARANOA | G3: ANTONIO NARIÑO | H3: ACHÍ | I3: ALMEIDA | J3: AGUADAS | K3: ALBANIA | L3: AGUAZUL | M3: ALMAGUER | N3: AGUACHICA | O3: ACANDÍ | P3: AYAPEL | Q3: AGUA DE DIOS | R3: BARRANCO MINAS | S3: CALAMAR | T3: ACEVEDO | U3: ALBANIA | V3: ALGARROBO | W3: ACACÍAS | X3: ALBÁN | Y3: ÁBREGO | Z3: COLÓN | AA3: ARMENIA | AB3: APÍA | AC3: PROVIDENCIA | AD3: AGUADA | AE3: BUENAVISTA | AF3: ALPUJARRA | AG3: ALCALÁ | AH3: CARURÚ | AI3: CUMARIBO
A4: ANTIOQUIA | C4: LA CHORRERA | D4: ABRIAQUÍ | E4: ARAUQUITA | F4: BARRANQUILLA | G4: BARRIOS UNIDOS | H4: ALTOS DEL ROSARIO | I4: AQUITANIA | J4: ANSERMA | K4: BELÉN DE LOS ANDAQUÍES | L4: CHÁMEZA | M4: ARGELIA | N4: AGUSTÍN CODAZZI | O4: ALTO BAUDÓ | P4: BUENAVISTA | Q4: ALBÁN | R4: CACAHUAL | S4: EL RETORNO | T4: AGRADO | U4: BARRANCAS | V4: ARACATACA | W4: BARRANCA DE UPÍA | X4: ALDANA | Y4: ARBOLEDAS | Z4: MOCOA | AA4: BUENAVISTA | AB4: BALBOA | AC4: SAN ANDRÉS | AD4: ALBANIA | AE4: CAIMITO | AF4: ALVARADO | AG4: ANDALUCÍA | AH4: MITÚ | AI4: LA PRIMAVERA
A5: ARAUCA | C5: LA PEDRERA | D5: ALEJANDRÍA | E5: CRAVO NORTE | F5: CAMPO DE LA CRUZ | G5: BOGOTÁ, D.C. | H5: ARENAL | I5: ARCABUCO | J5: ARANZAZU | K5: CARTAGENA DEL CHAIRÁ | L5: HATO COROZAL | M5: BALBOA | N5: ASTREA | O5: ATRATO | P5: CANALETE | Q5: ANAPOIMA | R5: INÍRIDA | S5: MIRAFLORES | T5: AIPE | U5: DIBULLA | V5: ARIGUANÍ | W5: CABUYARO | X5: ANCUYÁ | Y5: BOCHALEMA | Z5: ORITO | AA5: CALARCÁ | AB5: BELÉN DE UMBRÍA | AD5: ARATOCA | AE5: CHALÁN | AF5: AMBALEMA | AG5: ANSERMANUEVO | AH5: PACOA | AI5: PUERTO CARREÑO
A6: ATLÁNTICO | C6: LA VICTORIA | D6: AMAGÁ | E6: FORTUL | F6: CANDELARIA | G6: BOSA | H6: ARJONA | I6: BELÉN | J6: BELALCÁZAR | K6: CURILLO | L6: LA SALINA | M6: BOLÍVAR | N6: BECERRIL | O6: BAGADÓ | P6: CERETÉ | Q6: ANOLAIMA | R6: LA GUADALUPE | S6: SAN JOSÉ DEL GUAVIARE | T6: ALGECIRAS | U6: DISTRACCIÓN | V6: CERRO DE SAN ANTONIO | W6: CASTILLA LA NUEVA | X6: ARBOLEDA | Y6: BUCARASICA | Z6: PUERTO ASÍS | AA6: CIRCASIA | AB6: DOSQUEBRADAS | AD6: BARBOSA | AE6: COLOSÓ | AF6: ANZOÁTEGUI | AG6: ARGELIA | AH6: PAPUNAUA | AI6: SANTA ROSALÍA
A7: BOGOTÁ_D.C. | C7: LETICIA | D7: AMALFI | E7: PUERTO RONDÓN | F7: GALAPA | G7: CHAPINERO | H7: ARROYOHONDO | I7: BERBEO | J7: CHINCHINÁ | K7: EL DONCELLO | L7: MANÍ | M7: BUENOS AIRES | N7: BOSCONIA | O7: BAHÍA SOLANO | P7: CHIMÁ | Q7: APULO | R7: MAPIRIPANA | T7: ALTAMIRA | U7: EL MOLINO | V7: CHIVOLO | W7: CUBARRAL | X7: BARBACOAS | Y7: CÁCHIRA | Z7: PUERTO CAICEDO | AA7: CÓRDOBA | AB7: GUÁTICA | AD7: BARICHARA | AE7: COROZAL | AF7: ARMERO GUAYABAL | AG7: BOLÍVAR | AH7: TARAIRA
A8: BOLÍVAR | C8: MIRITÍ - PARANÁ | D8: ANDES | E8: SARAVENA | F8: JUAN DE ACOSTA | G8: CIUDAD BOLÍVAR | H8: BARRANCO DE LOBA | I8: BETÉITIVA | J8: FILADELFIA | K8: EL PAUJÍL | L8: MONTERREY | M8: CAJIBÍO | N8: CHIMICHAGUA | O8: BAJO BAUDÓ | P8: CHINÚ | Q8: ARBELÁEZ | R8: MORICHAL | T8: BARAYA | U8: FONSECA | V8: CIÉNAGA | W8: CUMARAL | X8: BELÉN | Y8: CÁCOTA | Z8: PUERTO GUZMÁN | AA8: FILANDIA | AB8: LA CELIA | AD8: BARRANCABERMEJA | AE8: COVEÑAS | AF8: ATACO | AG8: BUENAVENTURA | AH8: YAVARATÉ
A9: BOYACÁ | C9: PUERTO ALEGRÍA | D9: ANGELÓPOLIS | E9: TAME | F9: LURUACO | G9: ENGATIVÁ | H9: CALAMAR | I9: BOAVITA | J9: LA DORADA | K9: FLORENCIA | L9: NUNCHÍA | M9: CALDONO | N9: CHIRIGUANÁ | O9: BÉLEN DE BAJIRÁ | P9: CIÉNAGA DE ORO | Q9: BELTRÁN | R9: PANA PANA | T9: CAMPOALEGRE | U9: HATONUEVO | V9: CONCORDIA | W9: EL CALVARIO | X9: BUESACO | Y9: CHINÁCOTA | Z9: PUERTO LEGUÍZAMO | AA9: GÉNOVA | AB9: LA VIRGINIA | AD9: BETULIA | AE9: EL ROBLE | AF9: CAJAMARCA | AG9: BUGALAGRANDE
A10: CALDAS | C10: PUERTO ARICA | D10: ANGOSTURA | F10: MALAMBO | G10: FONTIBÓN | H10: CANTAGALLO | I10: BOYACÁ | J10: LA MERCED | K10: LA MONTAÑITA | L10: OROCUÉ | M10: CALOTO | N10: CURUMANÍ | O10: BOJAYÁ | P10: COTORRA | Q10: BITUIMA | R10: PUERTO COLOMBIA | T10: COLOMBIA | U10: LA JAGUA DEL PILAR | V10: EL BANCO | W10: EL CASTILLO | X10: CHACHAGÜÍ | Y10: CHITAGÁ | Z10: SAN FRANCISCO | AA10: LA TEBAIDA | AB10: MARSELLA | AD10: BOLÍVAR | AE10: GALERAS | AF10: CARMEN DE APICALÁ | AG10: CAICEDONIA
A11: CAQUETÁ | C11: PUERTO NARIÑO | D11: ANORÍ | F11: MANATÍ | G11: KENNEDY | H11: CARTAGENA DE INDIAS | I11: BRICEÑO | J11: MANIZALES | K11: MILÁN | L11: PAZ DE ARIPORO | M11: CORINTO | N11: EL COPEY | O11: CARMEN DEL DARIÉN | P11: LA APARTADA | Q11: BOJACÁ | R11: SAN FELIPE | T11: ELÍAS | U11: MAICAO | V11: EL PIÑÓN | W11: EL DORADO | X11: COLÓN | Y11: CONVENCIÓN | Z11: SAN MIGUEL | AA11: MONTENEGRO | AB11: MISTRATÓ | AD11: BUCARAMANGA | AE11: GUARANDA | AF11: CASABIANCA | AG11: CALI
A12: CASANARE | C12: PUERTO SANTANDER | D12: ANZÁ | F12: PALMAR DE VARELA | G12: LA CANDELARIA | H12: CICUCO | I12: BUENAVISTA | J12: MANZANARES | K12: MORELIA | L12: PORE | M12: EL TAMBO | N12: EL PASO | O12: CÉRTEGUI | P12: LORICA | Q12: CABRERA | T12: GARZÓN | U12: MANAURE | V12: EL RETÉN | W12: FUENTE DE ORO | X12: CONSACÁ | Y12: CÚCUTA | Z12: SANTIAGO | AA12: PIJAO | AB12: PEREIRA | AD12: CABRERA | AE12: LA UNIÓN | AF12: CHAPARRAL | AG12: CALIMA
A13: CAUCA | C13: TARAPACÁ | D13: APARTADÓ | F13: PIOJÓ | G13: LOS MÁRTIRES | H13: CLEMENCIA | I13: BUSBANZÁ | J13: MARMATO | K13: PUERTO RICO | L13: RECETOR | M13: FLORENCIA | N13: GAMARRA | O13: CONDOTO | P13: LOS CÓRDOBAS | Q13: CACHIPAY | T13: GIGANTE | U13: RIOHACHA | V13: FUNDACIÓN | W13: GRANADA | X13: CONTADERO | Y13: CUCUTILLA | Z13: SIBUNDOY | AA13: QUIMBAYA | AB13: PUEBLO RICO | AD13: CALIFORNIA | AE13: LOS PALMITOS | AF13: COELLO | AG13: CANDELARIA
A14: CESAR | D14: ARBOLETES | F14: POLONUEVO | G14: PUENTE ARANDA | H14: CÓRDOBA | I14: CALDAS | J14: MARQUETALIA | K14: SAN JOSÉ DEL FRAGUA | L14: SABANALARGA | M14: GUACHENÉ | N14: GONZÁLEZ | O14: EL CANTÓN DEL SAN PABLO | P14: MOMIL | Q14: CAJICÁ | T14: GUADALUPE | U14: SAN JUAN DEL CESAR | V14: GUAMAL | W14: GUAMAL | X14: CÓRDOBA | Y14: DURANIA | Z14: VALLE DEL GUAMUEZ | AA14: SALENTO | AB14: QUINCHÍA | AD14: CAPITANEJO | AE14: MAJAGUAL | AF14: COYAIMA | AG14: CARTAGO
A15: CHOCÓ | D15: ARGELIA | F15: PONEDERA | G15: RAFAEL URIBE URIBE | H15: EL CARMEN DE BOLÍVAR | I15: CAMPOHERMOSO | J15: MARULANDA | K15: SAN VICENTE DEL CAGUÁN | L15: SÁCAMA | M15: GUAPÍ | N15: LA GLORIA | O15: EL CARMEN DE ATRATO | P15: MONTELÍBANO | Q15: CAPARRAPÍ | T15: HOBO | U15: URIBIA | V15: NUEVA GRANADA | W15: LA MACARENA | X15: CUASPÚD | Y15: EL CARMEN | Z15: VILLAGARZÓN | AB15: SANTA ROSA DE CABAL | AD15: CARCASÍ | AE15: MORROA | AF15: CUNDAY | AG15: DAGUA
A16: CÓRDOBA | D16: ARMENIA | F16: PUERTO COLOMBIA | G16: SAN CRISTÓBAL | H16: EL GUAMO | I16: CERINZA | J16: NEIRA | K16: SOLANO | L16: SAN LUIS DE PALENQUE | M16: INZÁ | N16: LA JAGUA DE IBIRICO | O16: EL LITORAL DEL SAN JUAN | P16: MONTERÍA | Q16: CÁQUEZA | T16: ÍQUIRA | U16: URUMITA | V16: PEDRAZA | W16: LEJANÍAS | X16: CUMBAL | Y16: EL TARRA | AB16: SANTUARIO | AD16: CEPITÁ | AE16: OVEJAS | AF16: DOLORES | AG16: EL ÁGUILA
A17: CUNDINAMARCA | D17: BARBOSA | F17: REPELÓN | G17: SANTA FE | H17: EL PEÑÓN | I17: CHINAVITA | J17: NORCASIA | K17: SOLITA | L17: TÁMARA | M17: JAMBALÓ | N17: LA PAZ | O17: ISTMINA | P17: MOÑITOS | Q17: CARMEN DE CARUPA | T17: ISNOS | U17: VILLANUEVA | V17: PIJIÑO DEL CARMEN | W17: MAPIRIPÁN | X17: CUMBITARA | Y17: EL ZULIA | AD17: CERRITO | AE17: PALMITO | AF17: ESPINAL | AG17: EL CAIRO
A18: GUAINÍA | D18: BELLO | F18: SABANAGRANDE | G18: SUBA | H18: HATILLO DE LOBA | I18: CHIQUINQUIRÁ | J18: PÁCORA | K18: VALPARAÍSO | L18: TAURAMENA | M18: LA SIERRA | N18: MANAURE BALCÓN DEL CESAR | O18: JURADÓ | P18: PLANETA RICA | Q18: CHAGUANÍ | T18: LA ARGENTINA | V18: PIVIJAY | W18: MESETAS | X18: EL CHARCO | Y18: GRAMALOTE | AD18: CHARALÁ | AE18: SAMPUÉS | AF18: FALAN | AG18: EL CERRITO
A19: GUAVIARE | D19: BELMIRA | F19: SABANALARGA | G19: SUMAPAZ | H19: MAGANGUÉ | I19: CHÍQUIZA | J19: PALESTINA | L19: TRINIDAD | M19: LA VEGA | N19: PAILITAS | O19: LLORÓ | P19: PUEBLO NUEVO | Q19: CHÍA | T19: LA PLATA | V19: PLATO | W19: PUERTO CONCORDIA | X19: EL PEÑOL | Y19: HACARÍ | AD19: CHARTA | AE19: SAN BENITO ABAD | AF19: FLANDES | AG19: EL DOVIO
A20: HUILA | D20: BETANIA | F20: SANTA LUCÍA | G20: TEUSAQUILLO | H20: MAHATES | I20: CHISCAS | J20: PENSILVANIA | L20: VILLANUEVA | M20: LÓPEZ DE MICAY | N20: PELAYA | O20: MEDIO ATRATO | P20: PUERTO ESCONDIDO | Q20: CHIPAQUE | T20: NÁTAGA | V20: PUEBLOVIEJO | W20: PUERTO GAITÁN | X20: EL ROSARIO | Y20: HERRÁN | AD20: CHIMA | AE20: SAN JUAN DE BETULIA | AF20: FRESNO | AG20: FLORIDA
A21: LA_GUAJIRA | D21: BETULIA | F21: SANTO TOMÁS | G21: TUNJUELITO | H21: MARGARITA | I21: CHITA | J21: RIOSUCIO | L21: YOPAL | M21: MERCADERES | N21: PUEBLO BELLO | O21: MEDIO BAUDÓ | P21: PUERTO LIBERTADOR | Q21: CHOACHÍ | T21: NEIVA | V21: REMOLINO | W21: PUERTO LLERAS | X21: EL TABLÓN DE GÓMEZ | Y21: LA ESPERANZA | AD21: CHIPATÁ | AE21: SAN LUIS DE SINCÉ | AF21: GUAMO | AG21: GINEBRA
A22: MAGDALENA | D22: BRICEÑO | F22: SOLEDAD | G22: USAQUÉN | H22: MARÍA LA BAJA | I22: CHITARAQUE | J22: RISARALDA | M22: MIRANDA | N22: RÍO DE ORO | O22: MEDIO SAN JUAN | P22: PURÍSIMA DE LA CONCEPCIÓN | Q22: CHOCONTÁ | T22: OPORAPA | V22: SABANAS DE SAN ÁNGEL | W22: PUERTO LÓPEZ | X22: EL TAMBO | Y22: LA PLAYA | AD22: CIMITARRA | AE22: SAN MARCOS | AF22: HERVEO | AG22: GUACARÍ
A23: META | D23: BURITICÁ | F23: SUAN | G23: USME | H23: MOMPÓS | I23: CHIVATÁ | J23: SALAMINA | M23: MORALES | N23: SAN ALBERTO | O23: NÓVITA | P23: SAHAGÚN | Q23: COGUA | T23: PAICOL | V23: SALAMINA | W23: PUERTO RICO | X23: FRANCISCO PIZARRO | Y23: LABATECA | AD23: CONCEPCIÓN | AE23: SAN ONOFRE | AF23: HONDA | AG23: GUADALAJARA DE BUGA
A24: NARIÑO | D24: CÁCERES | F24: TUBARÁ | H24: MONTECRISTO | I24: CHIVOR | J24: SAMANÁ | M24: PADILLA | N24: SAN DIEGO | O24: NUQUÍ | P24: SAN ANDRÉS DE SOTAVENTO | Q24: COTA | T24: PALERMO | V24: SAN SEBASTIÁN DE BUENAVISTA | W24: RESTREPO | X24: FUNES | Y24: LOS PATIOS | AD24: CONFINES | AE24: SAN PEDRO | AF24: IBAGUÉ | AG24: JAMUNDÍ
A25: NORTE_DE_SANTANDER | D25: CAICEDO | F25: USIACURÍ | H25: MORALES | I25: CIÉNEGA | J25: SAN JOSÉ | M25: PÁEZ | N25: SAN MARTÍN | O25: QUIBDÓ | P25: SAN ANTERO | Q25: CUCUNUBÁ | T25: PALESTINA | V25: SAN ZENÓN | W25: SAN CARLOS DE GUAROA | X25: GUACHUCAL | Y25: LOURDES | AD25: CONTRATACIÓN | AE25: SANTIAGO DE TOLÚ | AF25: ICONONZO | AG25: LA CUMBRE
A26: PUTUMAYO | D26: CALDAS | H26: NOROSÍ | I26: CÓMBITA | J26: SUPÍA | M26: PATÍA | N26: TAMALAMEQUE | O26: RÍO IRÓ | P26: SAN BERNARDO DEL VIENTO | Q26: EL COLEGIO | T26: PITAL | V26: SANTA ANA | W26: SAN JUAN DE ARAMA | X26: GUAITARILLA | Y26: MUTISCUA | AD26: COROMORO | AE26: SINCELEJO | AF26: LÉRIDA | AG26: LA UNIÓN
A27: QUINDÍO | D27: CAMPAMENTO | H27: PINILLOS | I27: COPER | J27: VICTORIA | M27: PIAMONTE | N27: VALLEDUPAR | O27: RÍO QUITO | P27: SAN CARLOS | Q27: EL PEÑÓN | T27: PITALITO | V27: SANTA BÁRBARA DE PINTO | W27: SAN JUANITO | X27: GUALMATÁN | Y27: OCAÑA | AD27: CURITÍ | AE27: SUCRE | AF27: LÍBANO | AG27: LA VICTORIA
A28: RISARALDA | D28: CAÑASGORDAS | H28: REGIDOR | I28: CORRALES | J28: VILLAMARÍA | M28: PIENDAMÓ | O28: RIOSUCIO | P28: SAN JOSÉ DE URÉ | Q28: EL ROSAL | T28: RIVERA | V28: SANTA MARTA | W28: SAN MARTÍN | X28: ILES | Y28: PAMPLONA | AD28: EL CARMEN DE CHUCURÍ | AE28: TOLÚ VIEJO | AF28: MELGAR | AG28: OBANDO
A29: SAN_ANDRÉS_Y_PROVIDENCIA | D29: CARACOLÍ | H29: RÍO VIEJO | I29: COVARACHÍA | J29: VITERBO | M29: POPAYÁN | O29: SAN JOSÉ DEL PALMAR | P29: SAN PELAYO | Q29: FACATATIVÁ | T29: SALADOBLANCO | V29: SITIONUEVO | W29: URIBE | X29: IMUÉS | Y29: PAMPLONITA | AD29: EL GUACAMAYO | AF29: MURILLO | AG29: PALMIRA
A30: SANTANDER | D30: CARAMANTA | H30: SAN CRISTÓBAL | I30: CUBARÁ | M30: PUERTO TEJADA | O30: SIPÍ | P30: TIERRALTA | Q30: FÓMEQUE | T30: SAN AGUSTÍN | V30: TENERIFE | W30: VILLAVICENCIO | X30: IPIALES | Y30: PUERTO SANTANDER | AD30: EL PEÑÓN | AF30: NATAGAIMA | AG30: PRADERA
A31: SUCRE | D31: CAREPA | H31: SAN ESTANISLAO | I31: CUCAITA | M31: PURACÉ | O31: TADÓ | P31: TUCHÍN | Q31: FOSCA | T31: SANTA MARÍA | V31: ZAPAYÁN | W31: VISTAHERMOSA | X31: LA CRUZ | Y31: RAGONVALIA | AD31: EL PLAYÓN | AF31: ORTEGA | AG31: RESTREPO
A32: TOLIMA | D32: CAROLINA | H32: SAN FERNANDO | I32: CUÍTIVA | M32: ROSAS | O32: UNGUÍA | P32: VALENCIA | Q32: FUNZA | T32: SUAZA | V32: ZONA BANANERA | X32: LA FLORIDA | Y32: SALAZAR | AD32: ENCINO | AF32: PALOCABILDO | AG32: RIOFRÍO
A33: VALLE_DEL_CAUCA | D33: CAUCASIA | H33: SAN JACINTO | I33: DUITAMA | M33: SAN SEBASTIÁN | O33: UNIÓN PANAMERICANA | Q33: FÚQUENE | T33: TARQUI | X33: LA LLANADA | Y33: SAN CALIXTO | AD33: ENCISO | AF33: PIEDRAS | AG33: ROLDANILLO
A34: VAUPÉS | D34: CHIGORODÓ | H34: SAN JACINTO DEL CAUCA | I34: EL COCUY | M34: SANTA ROSA | Q34: FUSAGASUGÁ | T34: TELLO | X34: LA TOLA | Y34: SAN CAYETANO | AD34: FLORIÁN | AF34: PLANADAS | AG34: SAN PEDRO
A35: VICHADA | D35: CISNEROS | H35: SAN JUAN NEPOMUCENO | I35: EL ESPINO | M35: SANTANDER DE QUILICHAO | Q35: GACHALÁ | T35: TERUEL | X35: LA UNIÓN | Y35: SANTIAGO | AD35: FLORIDABLANCA | AF35: PRADO | AG35: SEVILLA
A36: NACIONAL | D36: CIUDAD BOLÍVAR | H36: SAN MARTÍN DE LOBA | I36: FIRAVITOBA | M36: SILVIA | Q36: GACHANCIPÁ | T36: TESALIA | X36: LEIVA | Y36: SARDINATA | AD36: GALÁN | AF36: PURIFICACIÓN | AG36: TORO
D37: COCORNÁ | H37: SAN PABLO | I37: FLORESTA | M37: SOTARA | Q37: GACHETÁ | T37: TIMANÁ | X37: LINARES | Y37: SILOS | AD37: GÁMBITA | AF37: RIOBLANCO | AG37: TRUJILLO
D38: CONCEPCIÓN | H38: SANTA CATALINA | I38: GACHANTIVÁ | M38: SUÁREZ | Q38: GAMA | T38: VILLAVIEJA | X38: LOS ANDES | Y38: TEORAMA | AD38: GIRÓN | AF38: RONCESVALLES | AG38: TULUÁ
D39: CONCORDIA | H39: SANTA ROSA | I39: GÁMEZA | M39: SUCRE | Q39: GIRARDOT | T39: YAGUARÁ | X39: MAGÜÍ | Y39: TIBÚ | AD39: GUACA | AF39: ROVIRA | AG39: ULLOA
D40: COPACABANA | H40: SANTA ROSA DEL SUR | I40: GARAGOA | M40: TIMBÍO | Q40: GRANADA | X40: MALLAMA | Y40: TOLEDO | AD40: GUADALUPE | AF40: SALDAÑA | AG40: VERSALLES
D41: DABEIBA | H41: SIMITÍ | I41: GUACAMAYAS | M41: TIMBIQUÍ | Q41: GUACHETÁ | X41: MOSQUERA | Y41: VILLA CARO | AD41: GUAPOTÁ | AF41: SAN ANTONIO | AG41: VIJES
D42: DONMATÍAS | H42: SOPLAVIENTO | I42: GUATEQUE | M42: TORIBÍO | Q42: GUADUAS | X42: NARIÑO | Y42: VILLA DEL ROSARIO | AD42: GUAVATÁ | AF42: SAN LUIS | AG42: YOTOCO
D43: EBÉJICO | H43: TALAIGUA NUEVO | I43: GUAYATÁ | M43: TOTORÓ | Q43: GUASCA | X43: OLAYA HERRERA | AD43: GÜEPSA | AF43: SAN SEBASTIÁN DE MARIQUITA | AG43: YUMBO
D44: EL BAGRE | H44: TIQUISIO | I44: GÜICÁN | M44: VILLA RICA | Q44: GUATAQUÍ | X44: OSPINA | AD44: HATO | AF44: SANTA ISABEL | AG44: ZARZAL
D45: EL CARMEN DE VIBORAL | H45: TURBACO | I45: IZA | Q45: GUATAVITA | X45: PASTO | AD45: JESÚS MARÍA | AF45: SUÁREZ
D46: EL SANTUARIO | H46: TURBANÁ | I46: JENESANO | Q46: GUAYABAL DE SÍQUIMA | X46: POLICARPA | AD46: JORDÁN | AF46: VALLE DE SAN JUAN
D47: ENTRERRÍOS | H47: VILLANUEVA | I47: JERICÓ | Q47: GUAYABETAL | X47: POTOSÍ | AD47: LA BELLEZA | AF47: VENADILLO
D48: ENVIGADO | H48: ZAMBRANO | I48: LA CAPILLA | Q48: GUTIÉRREZ | X48: PROVIDENCIA | AD48: LA PAZ | AF48: VILLAHERMOSA
D49: FREDONIA | I49: LA UVITA | Q49: JERUSALÉN | X49: PUERRES | AD49: LANDÁZURI | AF49: VILLARRICA
D50: FRONTINO | I50: LA VICTORIA | Q50: JUNÍN | X50: PUPIALES | AD50: LEBRIJA
D51: GIRALDO | I51: LABRANZAGRANDE | Q51: LA CALERA | X51: RICAURTE | AD51: LOS SANTOS
D52: GIRARDOTA | I52: MACANAL | Q52: LA MESA | X52: ROBERTO PAYÁN | AD52: MACARAVITA
D53: GÓMEZ PLATA | I53: MARIPÍ | Q53: LA PALMA | X53: SAMANIEGO | AD53: MÁLAGA
D54: GRANADA | I54: MIRAFLORES | Q54: LA PEÑA | X54: SAN ANDRÉS DE TUMACO | AD54: MATANZA
D55: GUADALUPE | I55: MONGUA | Q55: LA VEGA | X55: SAN BERNARDO | AD55: MOGOTES
D56: GUARNE | I56: MONGUÍ | Q56: LENGUAZAQUE | X56: SAN LORENZO | AD56: MOLAGAVITA
D57: GUATAPÉ | I57: MONIQUIRÁ | Q57: MACHETÁ | X57: SAN PABLO | AD57: OCAMONTE
D58: HELICONIA | I58: MOTAVITA | Q58: MADRID | X58: SAN PEDRO DE CARTAGO | AD58: OIBA
D59: HISPANIA | I59: MUZO | Q59: MANTA | X59: SANDONÁ | AD59: ONZAGA
D60: ITAGÜÍ | I60: NOBSA | Q60: MEDINA | X60: SANTA BÁRBARA | AD60: PALMAR
D61: ITUANGO | I61: NUEVO COLÓN | Q61: MOSQUERA | X61: SANTACRUZ | AD61: PALMAS DEL SOCORRO
... D66: LA PINTADA | I66: PAIPA | Q66: NOCAIMA | X66: YACUANQUER | AD66: PUERTO PARRA
D67: LA UNIÓN | I67: PAJARITO | Q67: PACHO | AD67: PUERTO WILCHES
D68: LIBORINA | I68: PANQUEBA | Q68: PAIME | AD68: RIONEGRO
D69: MACEO | I69: PAUNA | Q69: PANDI | AD69: SABANA DE TORRES
D70: MARINILLA | I70: PAYA | Q70: PARATEBUENO | AD70: SAN ANDRÉS
D71: MEDELLÍN | I71: PAZ DE RÍO | Q71: PASCA | AD71: SAN BENITO
D72: MONTEBELLO | I72: PESCA | Q72: PUERTO SALGAR | AD72: SAN GIL
D73: MURINDÓ | I73: PISBA | Q73: PULÍ | AD73: SAN JOAQUÍN
D74: MUTATÁ | I74: PUERTO BOYACÁ | Q74: QUEBRADANEGRA | AD74: SAN JOSÉ DE MIRANDA
D75: NARIÑO | I75: QUÍPAMA | Q75: QUETAME | AD75: SAN MIGUEL
D76: NECHÍ | I76: RAMIRIQUÍ | Q76: QUIPILE | AD76: SAN VICENTE DE CHUCURÍ
D77: NECOCLÍ | I77: RÁQUIRA | Q77: RICAURTE | AD77: SANTA BÁRBARA
D78: OLAYA | I78: RONDÓN | Q78: SAN ANTONIO DEL TEQUENDAMA | AD78: SANTA HELENA DEL OPÓN
... D89: SABANETA | I89: SANTA ROSA DE VITERBO | Q89: SOPÓ | AD89: ZAPATOCA
D90: SALGAR | I90: SANTA SOFÍA | Q90: SUBACHOQUE
D91: SAN ANDRÉS DE CUERQUÍA | I91: SANTANA | Q91: SUESCA
D92: SAN CARLOS | I92: SATIVANORTE | Q92: SUPATÁ
D93: SAN FRANCISCO | I93: SATIVASUR | Q93: SUSA
D94: SAN JERÓNIMO | I94: SIACHOQUE | Q94: SUTATAUSA
D95: SAN JOSÉ DE LA MONTAÑA | I95: SOATÁ | Q95: TABIO
D96: SAN JUAN DE URABÁ | I96: SOCHA | Q96: TAUSA
D97: SAN LUIS | I97: SOCOTÁ | Q97: TENA
D98: SAN PEDRO DE LOS MILAGROS | I98: SOGAMOSO | Q98: TENJO
D99: SAN PEDRO DE URABÁ | I99: SOMONDOCO | Q99: TIBACUY
D100: SAN RAFAEL | I100: SORA | Q100: TIBIRITA
D101: SAN ROQUE | I101: SORACÁ | Q101: TOCAIMA
... D118: VALDIVIA | I118: TURMEQUÉ | Q118: ZIPAQUIRÁ
D119: VALPARAÍSO | I119: TUTA
D120: VEGACHÍ | I120: TUTAZÁ
D121: VENECIA | I121: ÚMBITA
D122: VIGÍA DEL FUERTE | I122: VENTAQUEMADA
D123: YALÍ | I123: VILLA DE LEYVA
D124: YARUMAL | I124: VIRACACHÁ
D125: YOLOMBÓ | I125: ZETAQUIRA
D126: YONDÓ
D127: ZARAGOZA
